 Dungeon Crawl Stone Soup version 0.28-a0-723-g095bd1b44f (webtiles) character file.

Game seed: 12384600341518407414

1214428 frimble the Heavyweight Champion (level 27, -2/222 (312) HPs)
             Began as a Troll Warper on Oct 26, 2021.
             Was an Elder of Cheibriados.
             Slain by a searing wretch (12 damage)
             ... on level 4 of Gehenna.
             The game lasted 03:22:12 (77704 turns).

frimble the Heavyweight Champion (Troll Warper)    Turns: 77704, Time: 03:22:13

HP:   -2/222 (312)  AC: 16    Str: 36      XL:     27
MP:   27/40         EV: 24    Int: 37      God:    Cheibriados [****..]
Gold: 11386         SH: 20    Dex: 24 (27) Spells: 31/54 levels left

rFire   + + .      SeeInvis +     - Unarmed
rCold   + + +      Faith    .   B - +5 kite shield {rC+ rF+}
rNeg    . . .      Spirit   .   p - +4 troll leather armour
rPois   +          Reflect  .   A - +2 hat {SInv}
rElec   +          Harm     .   H - +0 cloak of Genwea {rC- Int+8 Dex+4 Slay+2}
rCorr   +          Rampage  .   (gloves unavailable)
Will    +++++                   (boots unavailable)
Stlth   ++........              f - amulet of Sin {RegenMP Will++ rCorr Dex+2}
HPRegen 2.47/turn               E - ring "Qiutaph" {rElec Will+ Int+6 Dex+3}
MPRegen 0.52/turn               F - ring "Toutiohe" {rPois rF+ rC++ rCorr EV+4 Int-4}

@: resistant, weakened, fire vulnerable, studying 4 skills, very heavily
drained, unable to read, very slow
A: large, unfitting armour, claws 3, regeneration 1, shaggy fur 1, tough skin 1,
iridescent scales 1, fire resistance 1, strong-willed 1, mutation resistance 1
}: 13/15 runes: decaying, serpentine, slimy, silver, golden, icy, bone, abyssal,
demonic, glowing, magical, fiery, dark
a: Renounce Religion, Bend Time, Temporal Distortion, Slouch


You were on level 4 of Gehenna.
You worshipped Cheibriados.
Cheibriados was greatly pleased with you.
You visited 17 branches of the dungeon, and saw 78 of its levels.
You visited Pandemonium 1 time, and saw 16 of its levels.
You visited the Abyss 5 times.
You visited 2 bazaars.
You visited 2 ziggurats, and saw 31 of their levels (deepest: 18).
You also visited: Trove, Ice Cave, Wizlab and Desolation.

You collected 16916 gold pieces.
You spent 5530 gold pieces at shops.

Inventory:

Missiles
 g - 19 javelins
 q - 2 throwing nets
 C - 19 curare-tipped darts
 G - 111 large rocks (quivered)
 K - 3 boomerangs of dispersal
 T - 7 silver javelins
Armour
 p - a +4 troll leather armour (worn)
 y - the +5 kite shield of Oplaxo {rC+ Str+3 Dex+7}
   (You found it on level 3 of the Crypt)

   Str:       It affects your strength (+3).
   Dex:       It affects your dexterity (+7).
   rC:        It protects you from cold.
 A - a +2 hat of see invisible (worn)
 B - a +5 kite shield of resistance (worn)
 H - the +0 cloak of Genwea (worn) {rC- Int+8 Dex+4 Slay+2}
   (You found it in a treasure trove)

   Int:       It affects your intelligence (+8).
   Dex:       It affects your dexterity (+4).
   Slay:      It affects your accuracy & damage with ranged weapons and melee
   (+2).
   rC:        It makes you vulnerable to cold.
 Y - the +10 tower shield of Ignorance {rN+ Int-4}
   (You found it on level 11 of a ziggurat)

   Int:       It affects your intelligence (-4).
   rN:        It protects you from negative energy.
Jewellery
 a - the ring of the Mage {Wiz Will++ Int+3}
   (You found it on level 13 of a ziggurat)

   [ring of wizardry]

   It improves your spell success rate.
   Int:       It affects your intelligence (+3).
   Will:      It greatly increases your willpower.
 f - the amulet of Sin (around neck) {RegenMP Will++ rCorr Dex+2}
   (You took it off a naga on level 4 of the Snake Pit)

   [amulet of magic regeneration]

   It increases your rate of magic regeneration.
   Dex:       It affects your dexterity (+2).
   rCorr:     It protects you from acid and corrosion.
   Will:      It greatly increases your willpower.
 n - an amulet of the acrobat
 E - the ring "Qiutaph" (left claw) {rElec Will+ Int+6 Dex+3}
   (You found it on level 3 of the Tomb of the Ancients)

   [ring of intelligence]

   Int:       It affects your intelligence (+6).
   Dex:       It affects your dexterity (+3).
   rElec:     It insulates you from electricity.
   Will:      It increases your willpower.
 F - the ring "Toutiohe" (right claw) {rPois rF+ rC++ rCorr EV+4 Int-4}
   (You found it on level 13 of a ziggurat)

   [ring of evasion]

   EV:        It affects your evasion (+4).
   Int:       It affects your intelligence (-4).
   rF:        It protects you from fire.
   rC:        It greatly protects you from cold.
   rPois:     It protects you from poison.
   rCorr:     It protects you from acid and corrosion.
 J - the amulet of the Four Winds {rN+ Will+++ Clar}
   (You took it off a deep elf master archer on level 3 of the Elven Halls)

   [amulet of nothing]

   rN:        It protects you from negative energy.
   Clar:      It protects you against confusion.
   Will:      It greatly increases your willpower.
 W - the ring "Hokhlar" {rN+ Str+6 Slay+2}
   (You found it on level 14 of the Dungeon)

   [ring of strength]

   Str:       It affects your strength (+6).
   Slay:      It affects your accuracy & damage with ranged weapons and melee
   (+2).
   rN:        It protects you from negative energy.
Wands
 k - a wand of acid (34)
 r - a wand of iceblast (133)
 x - a wand of mindburst (34)
 U - a wand of digging (19)
Scrolls
 b - 18 scrolls of blinking
 c - 7 scrolls of summoning
 d - 22 scrolls of teleportation
 e - 5 scrolls of immolation
 o - 16 scrolls of amnesia
 s - 9 scrolls of holy word
 u - 10 scrolls of magic mapping
 M - 5 scrolls of enchant armour
 O - 5 scrolls of fear
 P - 15 scrolls of fog
Potions
 h - 5 potions of invisibility
 i - 8 potions of ambrosia
 j - 12 potions of brilliance
 l - 14 potions of flight
 m - 35 potions of curing
 t - 7 potions of lignification
 v - 10 potions of attraction
 w - 8 potions of mutation
 z - 9 potions of might
 I - 15 potions of cancellation
 R - 3 potions of berserk rage
 V - 11 potions of magic
 Z - 2 potions of heal wounds
Miscellaneous
 L - a box of beasts
 N - a condenser vane
 Q - a phantom mirror
 S - a tin of tremorstones (2/2)


   Skills:
 + Level 24.4 Fighting
 - Level 16.0 Throwing
 - Level 5.0 Armour
 - Level 12.8 Dodging
 - Level 0.2 Stealth
 - Level 15.0 Shields
 O Level 27 Unarmed Combat
 - Level 14.4 Spellcasting
 - Level 21.0 Necromancy
 - Level 8.0 Translocations
 - Level 16.0 Transmutations
 - Level 16.9 Earth Magic
 + Level 18.3 Invocations
 + Level 14.3 Evocations


You had 31 spell levels left.
You knew the following spells:

 Your Spells              Type           Power      Damage    Failure   Level
a - Blink                 Tloc           100%       N/A       1%          2
b - Passwall              Tmut/Erth      82%        N/A       0%          2
c - Statue Form           Tmut/Erth      66%        N/A       1%          6
d - Passage of Golubria   Tloc           72%        N/A       1%          4
e - Apportation           Tloc           100%       N/A       1%          1
f - Necromutation         Tmut/Necr      52%        N/A       4%          8

Your spell library contained the following spells:

 Spells                   Type           Power      Damage    Failure   Level
 Animate Skeleton         Necr           100%       N/A       0%          1
 Beastly Appendage        Tmut           100%       N/A       0%          1
 Pain                     Necr           100%       1d9       0%          1
 Sandblast                Erth           100%       2d20      0%          1
 Sublimation of Blood     Necr           55%        N/A       0%          2
 Vampiric Draining        Necr           55%        2d13      0%          3
 Animate Dead             Necr           55%        N/A       0%          4
 Dispel Undead            Necr           100%       3d31      0%          4
 Petrify                  Tmut/Erth      99%        N/A       0%          4
 Agony                    Necr           100%       N/A       0%          5
 Borgnjor's Vile Clutch   Necr/Erth      52%        N/A       0%          5
 Excruciating Wounds      Necr           55%        N/A       0%          5
 Foxfire                  Conj/Fire      100%       2x1d9     1%          1
 Freeze                   Ice            100%       1d11      1%          1
 Magic Dart               Conj           100%       1d8       1%          1
 Sting                    Tmut/Pois      100%       1d8       1%          1
 Summon Small Mammal      Summ           100%       N/A       1%          1
 Corpse Rot               Necr/Air       100%       N/A       1%          2
 Gell's Gravitas          Tloc           36%        N/A       1%          3
 Ignite Poison            Fire/Tmut/Pois 60%        N/A       1%          3
 Lesser Beckoning         Tloc           72%        N/A       1%          3
 Portal Projectile        Hex/Tloc       100%       N/A       1%          3
 Spider Form              Tmut/Pois      36%        N/A       1%          3
 Stone Arrow              Conj/Erth      100%       3d13      1%          3
 Teleport Other           Tloc           72%        N/A       1%          3
 Animate Armour           Summ/Erth      100%       N/A       1%          4
 Ice Form                 Ice/Tmut       72%        N/A       1%          4
 Leda's Liquefaction      Hex/Erth       37%        N/A       1%          4
 Alistair's Intoxication  Tmut/Pois      48%        N/A       1%          5
 Blade Hands              Tmut           49%        N/A       1%          5
 Irradiate                Conj/Tmut      36%        3d26      1%          5
 Lee's Rapid Deconstruct  Erth           50%        3d25*     1%          5
 Manifold Assault         Tloc           72%        N/A       1%          5
 Yara's Violent Unravell  Hex/Tmut       36%        3d15      1%          5
 Death Channel            Necr           55%        N/A       1%          6
 Dragon Form              Tmut           49%        N/A       1%          7
 Borgnjor's Revivificati  Necr           55%        N/A       1%          8
 Infestation              Necr           55%        N/A       1%          8
 Ensorcelled Hibernation  Hex/Ice        52%        N/A       2%          2
 Poisonous Vapours        Pois/Air       52%        N/A       2%          2
 Scorch                   Fire           52%        2d7       2%          2
 Searing Ray              Conj           52%        2d6       2%          2
 Slow                     Hex            26%        N/A       2%          2
 Static Discharge         Conj/Air       26%        N/A       2%          2
 Iskenderun's Mystic Bla  Conj/Tloc      54%        2d12      2%          4
 Simulacrum               Ice/Necr       40%        N/A       3%          6
 Call Canine Familiar     Summ           26%        N/A       4%          3
 Confusing Touch          Hex            26%        N/A       4%          3
 Conjure Flame            Conj/Fire      26%        6-21      4%          3
 Dazzling Flash           Conj/Hex       52%        N/A       4%          3
 Frozen Ramparts          Ice            52%        1d7       4%          3
 Inner Flame              Hex/Fire       26%        N/A       4%          3
 Mephitic Cloud           Conj/Pois/Air  26%        N/A       4%          3
 Ozocubu's Armour         Ice            26%        N/A       4%          3
 Summon Guardian Golem    Hex/Summ       26%        N/A       4%          3
 Swiftness                Air            26%        N/A       4%          3
 Iron Shot                Conj/Erth      37%        9d7       7%          6
 Summon Forest            Summ/Tloc      27%        N/A       8%          5
 Dispersal                Tloc           36%        N/A       9%          6
 Eringya's Noxious Bog    Tmut/Pois      36%        N/A       9%          6
 Airstrike                Air            13%        N/A       14%         4
 Cause Fear               Hex            13%        N/A       14%         4
 Flame Wave               Conj/Fire      26%        3d6       14%         4
 Fulminant Prism          Conj/Hex       13%        3d9       14%         4
 Hailstorm                Conj/Ice       26%        3d7       14%         4
 Olgreb's Toxic Radiance  Pois           26%        N/A       14%         4
 Sticky Flame             Conj/Fire      26%        2d5       14%         4
 Summon Ice Beast         Ice/Summ       26%        N/A       14%         4
 Summon Lightning Spire   Summ/Air       26%        N/A       14%         4
 Haunt                    Necr/Summ      40%        N/A       17%         7
 Fireball                 Conj/Fire      13%        3d7       38%         5
 Iskenderun's Battlesphe  Conj           26%        2d8       38%         5
 Lightning Bolt           Conj/Air       13%        1d26      38%         5
 Metabolic Englaciation   Hex/Ice        13%        N/A       38%         5
 Silence                  Hex/Air        13%        N/A       38%         5
 Summon Mana Viper        Hex/Summ       26%        N/A       38%         5
 Storm Form               Tmut/Air       36%        N/A       43%         7
 Conjure Ball Lightning   Conj/Air       13%        3x3d6     92%         6
 Invisibility             Hex            13%        N/A       92%         6
 Starburst                Conj/Fire      13%        6d5       92%         6
 Summon Cactus Giant      Summ           13%        N/A       92%         6
 Malign Gateway           Summ/Tloc      27%        N/A       94%         7
 Lehudib's Crystal Spear  Conj/Erth      37%        10d9      96%         8
 Disjunction              Tloc           36%        N/A       98%         8
 Orb of Destruction       Conj           13%        9d6       100%        7
 Ozocubu's Refrigeration  Ice            13%        4d7       100%        7
 Spellforged Servitor     Conj/Summ      13%        N/A       100%        7
 Summon Hydra             Summ           13%        N/A       100%        7
 Discord                  Hex            13%        N/A       100%        8
 Ignition                 Fire           13%        3d6       100%        8
 Maxwell's Capacitive Co  Air            13%        ∞         100%        8
 Dragon's Call            Summ           13%        N/A       100%        9


Dungeon Overview and Level Annotations

Branches:
Dungeon (15/15)            Temple (1/1) D:5            Lair (6/6) D:11
  Swamp (4/4) Lair:4        Snake (4/4) Lair:3        Slime (5/5) Lair:6
    Orc (2/2) D:10            Elf (3/3) Orc:2        Vaults (5/5) D:13
  Crypt (3/3) Vaults:3       Tomb (3/3) Crypt:3      Depths (4/4) D:15
   Hell (visited)             Geh (2/7) Hell            Coc (7/7) Hell
    Tar (7/7) Hell            Zot (5/5) Depths:4      IceCv (visited)
 WizLab (visited)         Desolation (visited)
    Dis: Hell:1

Altars:
Ashenzari
Cheibriados
Dithmenos
Elyvilon
Fedhas
Gozag
Hepliaklqana
Kikubaaqudgha
Okawaru
Qazlal
Sif Muna
Trog
Uskayaw
Vehumet
Wu Jian
Xom
Yredelemnul
Zin
Beogh
Jiyva

Shops:
D:1 *   D:3 ?   D:4 [   Orc:2 :[((*   Elf:2 (   Elf:3 ?   Vaults:2 ?
Vaults:3 :*[   Depths:1 *!![   Depths:4 =::

Portals:
Hell: Depths:1 Depths:2 Depths:3 Depths:4
Abyss: Depths:2 Depths:3
Pandemonium: Depths:2

Annotations:
Elf:1 6 runed translucent doors
Elf:2 3 runed translucent doors


Innate Abilities, Weirdness & Mutations

You are too large for most types of armour.
You have claws for hands.
Your natural rate of healing is unusually fast.
You are covered in fur. (AC +1)
You have tough skin. (AC +1)
You are partially covered in iridescent scales. (AC +2)
Your flesh is heat resistant. (rF+)
You are strong-willed. (Will+)
You are somewhat resistant to further mutation.


Message History

You are covered in liquid flames!
The salamander tyrant enters the passage of Golubria.
The searing wretch claws you but does no damage.
You block the searing wretch's attack. x2
The searing wretch claws you but does no damage.
You block the searing wretch's attack. x2
The salamander tyrant gazes fiercely through you!
You feel as though you will be weak longer.
The balrug closely misses you.
The salamander tyrant calls gouts of flame from the lava!
The flame surge hits you! You resist.
* * * LOW HITPOINT WARNING * * *
The salamander tyrant gazes fiercely through you!
You feel as though you will be weak longer.
You feel much better.
You are covered in liquid flames!
* * * LOW HITPOINT WARNING * * *
The salamander tyrant calls gouts of flame from the lava!
The flame surge hits you. You resist.
* * * LOW HITPOINT WARNING * * *
The searing wretch completely misses you.
You block the searing wretch's attack. x3; The searing wretch claws you!
* * * LOW HITPOINT WARNING * * *
The searing wretch bites you.
* * * LOW HITPOINT WARNING * * *
The salamander tyrant calls gouts of flame from the lava!
The flame surge hits you! You resist.
* * * LOW HITPOINT WARNING * * *
The balrug gestures at you. The sticky flame misses you.
The salamander tyrant gazes fiercely through you!
You feel as though you will be weak longer.
You can feel time thicken for a moment.
You are covered in liquid flames!
* * * LOW HITPOINT WARNING * * *
The salamander tyrant calls gouts of flame from the lava!
The flame surge hits you! You resist.
* * * LOW HITPOINT WARNING * * *
The searing wretch claws you!
You die...

#######
≈≈#≈≈≈≈≈##
.≈≈≈.^.N≈##
..n..N.@.≈#
≈.#.≈N2nn^≈#
#≈#≈≈N...≈#
#≈≈N.....≈#
.......≈..≈#
..#....≈≈..≈#
......≈#≈.^≈#
.#..≈#≈..≈##


You could see 3 searing wretches, a balrug and 5 salamander tyrants.

Vanquished Creatures
  Antaeus (Coc:7)
  Ereshkigal (Tar:7)
  the Royal Jelly (Slime:5)
  Gloorx Vloq (Pan)
  Mnoleg (Pan)
  Lom Lobon (Pan)
  3 orbs of fire (Zot:5)
  3 dread liches
  Khufu (Crypt:1)
  7 ancient liches
  Mara (Vaults:2)
  Mennas (Vaults:4)
  3 juggernauts (Zig:12)
  8 pandemonium lords
  49 royal mummies
  Sojobo (Vaults:2)
  9 Killer Klowns
  Saint Roka (Snake:4)
  28 shard shrikes
  3 caustic shrikes
  4 curse toes
  The ghost of Zivuv the Executioner, a veteran FoFi of Dithmenos (Crypt:3)
  22 golden dragons
  Geryon (Hell)
  Jory (Crypt:2)
  6 profane servitors
  14 bone dragons
  A mutant beast (WizLab)
  6 Tzitzimimeh
  5 pearl dragons (Zig:18)
  8 Brimstone Fiends
  3 doom hounds
  4 electric golems
  2 iron giants (Zig:13)
  A walking earthen tome (Depths:3)
  15 Ice Fiends
  25 Orb Guardians (Zot:5)
  3 Hell Sentinels
  20 tentacled monstrosities
  A walking crystal tome (Depths:3)
  3 searing wretches
  7 liches
  10 tainted leviathans
  5 deep elf blademasters
  4 quicksilver dragons
  18 titans
  The ghost of Nihene the Bludgeoner, an adept FoAK of Lugonu (Swamp:1)
  5 deep elf master archers
  13 ancient champions
  15 sphinxes
  3 thorn hunters (Swamp:4)
  6 death cobs
  23 tentacled starspawn
  19 acid blobs
  18 Executioners
  A shadow dragon (shapeshifter) (Vaults:5)
  20 storm dragons
  Gastronok (Lair:1)
  The ghost of Iffuusoj the Severer, an adept MiBe of Trog (Swamp:1)
  13 shadow dragons
  The ghost of ytrimaz the Tortoise, a journeyman MiFi of Ashenzari (Orc:2)
  10 tengu reavers
  2 fenstrider witches
  9 draconian knights
  2 daevas (Zig:18)
  Donald (Swamp:3)
  11 fire giants
  11 revenants
  9 draconian monks
  A fire giant (shapeshifter) (Zig:10)
  19 nagarajas
  13 azure jellies
  3 iron dragons
  9 narguns
  5 rockslimes (Slime:5)
  2 curse skulls (Pan)
  14 balrugs
  4 demonspawn warmongers (Pan)
  8 deep elf sorcerers
  25 cacodemons
  6 orc warlords
  10 draconian scorchers
  6 ghost moths
  9 draconian shifters
  14 vault wardens
  8 frost giants
  A spectral caustic shrike (Tar:4)
  3 shard shrike simulacra
  7 draconian annihilators
  A caustic shrike zombie (Tomb:3)
  An emperor scorpion (Abyss:1)
  9 reapers
  An imperial myrmidon (Desolation)
  9 draconian stormcallers
  9 deep elf elementalists
  2 ghouls
  2 war gargoyles
  5 angels (Zig:18)
  2 demonspawn corrupters (Pan)
  6 demonspawn blood saints
  3 hydra skeletons
  11 quicksilver oozes
  The ghost of frimble the Grappler, a journeyman TrWr of Cheibriados (Lair:5)
  49 very ugly things
  2 apis (Zig:18)
  6 juggernaut skeletons
  20 ironbound preservers
  24 vampire knights
  12 black draconians
  28 bennus
  A stone giant (shapeshifter) (Zig:10)
  18 elemental wellsprings
  12 green draconians
  10 deep elf demonologists
  15 stone giants
  6 putrid mouths
  7 ophanim (Zig:18)
  13 deep elf annihilators
  3 halazid warlocks (Desolation)
  3 entropy weavers
  5 bunyips
  9 lorocyprocas
  6 spark wasps
  9 demonspawn black suns (Pan)
  11 red draconians
  5 wendigos
  24 dire elephants
  17 purple draconians
  2 spectral titans (Tar:3)
  9 yellow draconians
  8 eidola
  13 white draconians
  Josephine (Orc:2)
  15 blizzard demons
  11 ettins
  10 green deaths
  9 eleionomae
  2 merfolk javelineers
  11 fire dragons
  5 ragged hierophants (Desolation)
  10 deep elf death magi
  6 crystal guardians
  3 merfolk impalers
  10 deep elf high priests
  A quicksilver dragon zombie (Crypt:3)
  9 servants of whispers (Desolation)
  30 mummy priests
  4 shambling mangroves
  11 jiangshi
  12 great orbs of eyes
  22 yaktaur captains
  2 ironbound thunderhulks (Vaults:1)
  10 ice dragons
  5 hell beasts
  26 hydras
  26 vault guards
  9 peacekeepers
  5 juggernaut simulacra
  2 catoblepae
  6 boulder beetles
  8 anacondas
  An anaconda (shapeshifter) (Zig:10)
  16 salamander tyrants
  2 ogre magi (Vaults:5)
  9 caustic shrike simulacra
  15 naga warriors
  A spriggan air mage (Depths:4)
  A merfolk aquamancer (Zig:5)
  3 ghost crabs
  6 rakshasas
  The ghost of DarkMailMan the Thaumaturge, a journeyman DjFE of Makhleb (D:9)
  12 ironbound frosthearts
  An alligator (shapeshifter) (Depths:3)
  2 stokers (Geh:2)
  7 centaur warriors
  13 dancing weapons
  6 two-headed ogres
  11 vampire magi
  A death knight (Crypt:1)
  43 death scarabs
  7 deep troll shamans
  3 satyrs
  11 alligators
  19 naga sharpshooters
  12 death yaks
  19 hell hogs
  8 deep troll earth magi
  8 orc high priests
  7 tengu warriors
  80 large abominations
  A spectral dire elephant (Lair:6)
  A shock serpent (shapeshifter) (Vaults:1)
  3 spectral spriggans
  38 thrashing horrors
  26 hell knights
  13 deep elf knights
  A spriggan berserker (Depths:4)
  10 shock serpents
  30 sun demons
  25 soul eaters
  Sonja (Orc:2)
  30 sixfirhies
  2 fire crabs (shapeshifter) (WizLab)
  22 shadow wraiths
  2 titan skeletons
  9 iron trolls
  49 skeletal warriors
  15 spatial maelstroms
  5 salamander mystics
  4 death drakes
  A spectral death yak (Lair:6)
  16 wretched stars
  A bunyip zombie (Crypt:3)
  A spark wasp zombie (Depths:3)
  10 goliath frogs
  2 anaconda zombies (Hell)
  A golden dragon zombie (Hell)
  12 swamp dragons
  A spectral anaconda (Lair:6)
  A sea snake (shapeshifter) (Zig:10)
  A quicksilver dragon simulacrum (Coc:2)
  9 naga ritualists
  3 obsidian statues
  An iron giant zombie (Crypt:3)
  7 spriggan druids
  7 shadow demons
  4 orange crystal statues
  A spectral hydra (Swamp:4)
  2 bunyip skeletons
  57 deep trolls
  An anaconda skeleton (Hell)
  2 cherubim (Zig:18)
  4 lindwurms
  7 flayed ghosts
  A shadow dragon zombie (Zig:17)
  10 glowing orange brains
  4 bog bodies
  4 sea snakes (Snake:3)
  27 ironbound convokers
  3 tengu zombies
  13 deep elf archers
  8 wizards
  17 necromancers
  A harpy (shapeshifter) (WizLab)
  A spectral ettin (Tar:2)
  A sphinx zombie (Hell)
  Pikel (D:4)
  21 deep elf zephyrmancers
  36 phantasmal warriors
  15 orc knights
  A golden dragon skeleton (Zig:17)
  A harpy (Vaults:3)
  16 deep elf pyromancers
  36 ugly things
  A manticore (D:15)
  6 will-o-the-wisps
  8 oklob plants
  2 stone giant zombies
  A tengu skeleton (Depths:3)
  A shining eye (shapeshifter) (Zig:10)
  17 mana vipers
  8 shining eyes
  2 wolf spiders (shapeshifter)
  A sphinx skeleton (Zig:17)
  5 cyclopes
  10 worldbinders
  A human skeleton (Vaults:2)
  10 orc sorcerers
  2 frost giant zombies
  17 salamanders
  2 shadow dragon skeletons
  20 elephants
  A fire giant skeleton (Depths:3)
  An iron dragon skeleton (Depths:3)
  21 moths of wrath
  8 rust devils
  2 water nymphs (Abyss:3)
  25 naga magi
  15 vault sentinels
  2 dire elephant zombies
  3 molten gargoyles (Hell)
  A spectral iron troll (Crypt:1)
  8 apocalypse crabs
  12 guardian serpents
  5 spriggan zombies
  13 cane toads
  A water nymph (shapeshifter) (Elf:2)
  6 eyes of devastation
  6 gargoyles
  4 titan simulacra
  3 black mambas (shapeshifter)
  61 black mambas
  Joseph (D:10)
  8 ice statues
  41 smoke demons
  A cane toad (shapeshifter) (D:15)
  2 alligator snapping turtle zombies
  A naga skeleton (Tomb:2)
  30 orange demons
  A torpor snail (shapeshifter) (Vaults:4)
  A red draconian zombie (Crypt:2)
  2 rime drakes
  4 torpor snails
  2 dire elephant skeletons
  An elephant slug zombie (Crypt:3)
  2 yaktaurs (shapeshifter) (WizLab)
  4 kobold demonologists
  9 komodo dragons
  Maggie (D:6)
  A catoblepas zombie (Crypt:3)
  A sea snake zombie (Hell)
  9 hellions
  A white draconian zombie (Crypt:2)
  61 guardian mummies
  10 yaktaurs
  18 freezing wraiths
  2 golden dragon simulacra (IceCv)
  4 unseen horrors
  A bunyip simulacrum (Coc:1)
  2 komodo dragons (shapeshifter) (WizLab)
  4 ice devils (Pan)
  Psyche (D:10)
  6 efreet
  An iron giant simulacrum (Coc:5)
  2 tengu conjurers (D:13)
  2 hydra zombies
  A red devil (Pan)
  The ghost of pokeman the Magician, a novice DEWz (D:5)
  14 demonic crawlers
  3 spectral deep trolls (Crypt:1)
  25 hellwings
  10 tormentors
  A sea snake skeleton (Hell)
  3 jumping spiders (shapeshifter)
  2 polar bears (Lair:5)
  A tengu simulacrum (Vaults:2)
  A queen bee (shapeshifter) (WizLab)
  2 silent spectres
  A harpy zombie (Crypt:2)
  21 hornets
  8 trolls
  2 wind drakes (shapeshifter)
  24 ancient zymes
  A meliai (shapeshifter) (WizLab)
  47 saltlings (Desolation)
  A merfolk (D:11)
  A jumping spider (Vaults:4)
  2 spectral elephants (Lair:6)
  A death drake skeleton (Swamp:4)
  20 blink frogs
  7 tyrant leeches
  A tyrant leech (shapeshifter) (WizLab)
  4 harpy skeletons
  3 iron dragon simulacra
  36 raiju
  38 slime creatures
  A fire dragon zombie (Crypt:3)
  2 stone giant simulacra
  Grinder (D:6)
  4 dream sheep (Lair:6)
  A raiju (shapeshifter) (WizLab)
  A spectral black mamba (Tar:1)
  2 dream sheep (shapeshifter)
  A satyr zombie (Crypt:3)
  6 air elementals
  9 dire elephant simulacra
  3 centaur simulacra
  9 spriggans
  A shadow (Abyss:5)
  44 flying skulls
  4 redbacks
  28 small abominations
  2 tarantellas (shapeshifter) (WizLab)
  14 water elementals
  4 spriggan simulacra
  25 ynoxinuls
  21 ushabtiu
  37 yaks
  A black mamba zombie (Crypt:3)
  2 spriggans (shapeshifter) (WizLab)
  17 wraiths
  9 wyverns
  An alligator snapping turtle simulacrum (Coc:3)
  6 fire elementals
  A hog (shapeshifter) (WizLab)
  4 fire bats (Abyss:5)
  3 iron golems
  3 basilisks
  2 humans (shapeshifter) (WizLab)
  38 neqoxecs
  11 golden eyes
  26 chaos spawn
  20 spatial vortices
  22 vampire mosquitoes
  9 harpy simulacra
  6 wargs
  An acid dragon (shapeshifter) (Vaults:3)
  2 sea snake simulacra (Hell)
  20 water moccasins
  16 swamp worms
  3 acid dragons
  2 human zombies (Hell)
  11 hell hounds
  A water moccasin (shapeshifter) (WizLab)
  7 hydra simulacra
  4 naga zombies
  43 nagas
  A floating eye (shapeshifter) (WizLab)
  A faun skeleton (Crypt:1)
  4 floating eyes (WizLab)
  A water nymph skeleton (Crypt:2)
  An ice beast (Vaults:3)
  A sky beast (shapeshifter) (WizLab)
  45 orc warriors
  3 swamp dragon zombies (Swamp:4)
  2 swamp drakes (Swamp:4)
  3 alligator simulacra (IceCv)
  3 ettin simulacra
  An elephant zombie (Lair:6)
  3 sky beasts
  5 necrophages
  3 elephant skeletons (Lair:6)
  22 wolves
  A tengu (shapeshifter) (Vaults:5)
  3 boggarts (Vaults:1)
  8 centaurs
  3 phantoms
  3 swamp dragon skeletons
  15 ogres
  An elf zombie (Crypt:2)
  A dream sheep skeleton (Crypt:1)
  A fire crab zombie (Crypt:1)
  4 kobold brigands
  Blork the orc (D:4)
  17 bullfrogs
  A gnoll sergeant (D:9)
  A yaktaur skeleton (Crypt:1)
  4 earth elementals
  2 naga simulacra
  17 scorpions
  A glowing shapeshifter simulacrum (Zig:13)
  4 cane toad simulacra (Lair:6)
  A troll zombie (Crypt:2)
  12 killer bees
  A water moccasin skeleton (D:5)
  A human simulacrum (Vaults:2)
  A lindwurm simulacrum (IceCv)
  A raiju skeleton (Crypt:2)
  13 wights
  2 electric eels (D:14)
  A raiju zombie (Crypt:1)
  A crimson imp (Abyss:4)
  3 jellies
  9 centaur zombies
  102 starcursed masses
  8 quasits
  2 wolf skeletons (Crypt:1)
  2 centaur skeletons
  Crazy Yiuf (D:2)
  A gnoll shaman (D:7)
  17 orc priests
  A basilisk zombie (Crypt:3)
  A black bear zombie (Crypt:1)
  7 iron imps
  An iguana (D:5)
  3 lightning spires (Zot:3)
  27 orc wizards
  5 hell rats (Hell)
  69 mummies
  Robin (D:3)
  2 howler monkey zombies (D:7)
  14 gnolls
  7 adders
  A shadow imp (D:6)
  7 white imps
  4 ufetubi
  An adder zombie (D:5)
  A worm (D:5)
  4 dart slugs
  91 orcs
  5 bats
  6 endoplasms
  4 giant cockroaches
  A gnoll zombie (Crypt:3)
  14 goblins
  7 hobgoblins
  5 jackals
  3 quokkas
  6 ball pythons
  A ball python zombie (Crypt:2)
  2 frilled lizards
  A jackal zombie (Crypt:1)
  21 kobolds
  3 rats
  A ball lightning (Pan)
  10 fire vortices (Geh:2)
  5 foxfires
  34 starspawn tentacles
4431 creatures vanquished.

Vanquished Creatures (collateral kills)
  3 iron dragons (Zig:13)
  A war gargoyle (Zig:13)
  An iron golem (Zig:13)
  A salamander tyrant (Snake:4)
  An orc high priest (Orc:2)
  2 gargoyles (Zig:13)
  4 earth elementals (Zig:13)
13 creatures vanquished.

Vanquished Creatures (others)
  Cerebov (Pan)
  A golden dragon (Zot:5)
  An eldritch tentacle (Pan)
  A fire giant (Geh:2)
  A demonspawn blood saint (Zig:5)
  A war gargoyle (Vaults:5)
  A yaktaur captain (Zig:8)
  4 hell hogs (Geh:2)
  A deep elf knight (Elf:2)
  A deep elf zephyrmancer (Elf:1)
  A deep elf pyromancer (Zig:11)
  A will-o-the-wisp (Zig:12)
  A yaktaur (Zig:8)
  5 bloated husks
  2 saltlings (Desolation)
  A dream sheep (shapeshifter) (WizLab)
  A spriggan (Swamp:2)
  A wraith (Abyss:3)
  A naga simulacrum (Coc:5)
  2 water elementals
  A naga (Snake:1)
  A spatial vortex (Abyss:4)
  A warg (Vaults:5)
  An ettin simulacrum (Coc:6)
  A centaur (D:11)
  3 small abominations
  A quasit (Abyss:2)
  An orc wizard (Orc:2)
  6 orcs
  2 ball lightnings (Pan)
  8 demonic plants
  30 foxfires
  24 fungi
  2 lurking horrors
  76 plants
  33 starspawn tentacles
  15 withered plants
235 creatures vanquished.

Grand Total: 4679 creatures vanquished

Notes
Turn   | Place    | Note
-------+----------+-------------------------------------------
     0 | D:1      | frimble the Troll Warper began the quest for the Orb.
     0 | D:1      | Reached XP level 1. HP: 19/19 MP: 1/1
    54 | D:1      | Found a faded altar of an unknown god.
    59 | D:1      | Reached skill level 1 in Throwing
    86 | D:1      | Found Cihican's Assorted Antiques.
   304 | D:1      | Reached XP level 2. HP: 28/28 MP: 3/3
  1121 | D:2      | Reached XP level 3. HP: 35/35 MP: 4/4
  1143 | D:2      | Learned a level 2 spell: Blink
  1203 | D:2      | Found a runed translucent door.
  1204 | D:2      | Noticed Crazy Yiuf
  1369 | D:2      | Noticed a necrophage
  1377 | D:2      | Killed a necrophage
  1378 | D:2      | Reached skill level 3 in Unarmed Combat
  1378 | D:2      | Reached XP level 4. HP: 35/42 MP: 5/5
  1419 | D:2      | Reached XP level 5. HP: 48/49 MP: 6/6
  1761 | D:2      | Killed Crazy Yiuf
  1819 | D:3      | Noticed Robin
  1819 | D:3      | Found Itwephel's Magic Scroll Emporium.
  1885 | D:3      | Killed Robin
  2108 | D:3      | Found an iron altar of Okawaru.
  2178 | D:3      | Found a white marble altar of Elyvilon.
  2447 | D:4      | Found Riucid's Antique Armour Boutique.
  2482 | D:4      | Reached skill level 4 in Unarmed Combat
  2482 | D:4      | Reached XP level 6. HP: 47/59 MP: 6/8
  2593 | D:4      | Noticed Pikel
  2627 | D:4      | Killed Pikel
  2628 | D:4      | Reached skill level 5 in Unarmed Combat
  2628 | D:4      | Reached XP level 7. HP: 51/67 MP: 9/9
  2965 | D:4      | Found a shimmering altar of Xom.
  3023 | D:4      | Reached XP level 8. HP: 69/75 MP: 10/10
  3324 | D:4      | Noticed Blork the orc
  3333 | D:4      | Killed Blork the orc
  3563 | D:5      | Entered Level 5 of the Dungeon
  3563 | D:5      | Found a bloodstained altar of Trog.
  3674 | D:1      | Bought a golden potion for 26 gold pieces
  3788 | D:5      | Reached skill level 6 in Unarmed Combat
  3863 | D:5      | Found a transporter.
  3876 | D:5      | Noticed pokeman's ghost (novice DEWz)
  3889 | D:5      | Found a transporter.
  4283 | D:5      | Found a staircase to the Ecumenical Temple.
  4718 | D:6      | Noticed Grinder
  4734 | D:6      | Killed Grinder
  4735 | D:6      | Reached skill level 7 in Unarmed Combat
  4753 | D:6      | Reached XP level 9. HP: 67/84 MP: 12/12
  5111 | D:6      | Reached skill level 1 in Evocations
  5214 | D:6      | Noticed Maggie
  5796 | D:7      | Noticed a troll
  5805 | D:7      | Killed a troll
  5833 | D:7      | Reached skill level 8 in Unarmed Combat
  5922 | D:7      | Reached skill level 5 in Throwing
  5976 | D:7      | Identified the +0 leather armour of Hysteria {rC+}
  6131 | D:7      | Reached skill level 5 in Fighting
  6131 | D:7      | Reached XP level 10. HP: 49/96 MP: 14/14
  6169 | D:7      | Found an ancient bone altar of Kikubaaqudgha.
  6280 | D:7      | Found a hide-covered altar of Uskayaw.
  6549 | D:8      | Noticed a gargoyle
  6562 | D:8      | Killed a gargoyle
  6594 | D:8      | Reached skill level 5 in Translocations
  7026 | D:8      | Reached skill level 9 in Unarmed Combat
  7069 | D:9      | Reached skill level 1 in Armour
  7085 | D:9      | Found a stormy altar of Qazlal.
  7085 | D:9      | Found a basalt altar of Yredelemnul.
  7087 | D:9      | Found a blossoming altar of Fedhas.
  7109 | D:9      | Noticed a brown ugly thing
  7127 | D:9      | Killed a brown ugly thing
  7400 | D:9      | Found a transporter.
  7401 | D:9      | Noticed DarkMailMan's ghost (journeyman DjFE)
  7484 | D:9      | Found a transporter.
  7626 | D:9      | Noticed a gargoyle
  7630 | D:9      | Killed a gargoyle
  7639 | D:9      | Noticed a gargoyle
  7653 | D:9      | Killed a gargoyle
  7676 | D:9      | Noticed a gargoyle
  7680 | D:9      | Killed a gargoyle
  7706 | D:9      | Noticed a gargoyle
  7710 | D:9      | Killed a gargoyle
  7711 | D:9      | Reached skill level 10 in Unarmed Combat
  7711 | D:9      | Reached XP level 11. HP: 97/105 MP: 16/16
  8075 | D:9      | Identified a scroll of acquirement
  8075 | D:9      | Acquired a +0 hat of see invisible
  8098 | D:10     | Entered Level 10 of the Dungeon
  8163 | D:10     | Found a staircase to the Orcish Mines.
  8219 | D:10     | Noticed Psyche
  8230 | D:10     | Killed Psyche
  8412 | D:10     | Noticed Joseph
  8437 | D:10     | Killed Joseph
  8466 | D:10     | Found a runed translucent door.
  8467 | D:10     | Noticed a deep elf zephyrmancer
  8890 | D:10     | Found a broken altar of Ashenzari.
  9088 | D:11     | Noticed a two-headed ogre
  9113 | D:11     | Killed a two-headed ogre
  9114 | D:11     | Reached skill level 11 in Unarmed Combat
  9256 | D:11     | Found a shadowy altar of Dithmenos.
  9285 | D:11     | Noticed a centaur warrior
  9287 | D:11     | a centaur warrior changed into a merfolk
  9412 | D:11     | Noticed a boulder beetle
  9424 | D:11     | Killed a boulder beetle
  9425 | D:11     | Reached skill level 1 in Shields
 10004 | D:11     | Reached XP level 12. HP: 92/118 MP: 17/17
 10015 | D:11     | Reached skill level 5 in Evocations
 10052 | D:11     | Found a staircase to the Lair.
 10369 | D:12     | Noticed a boulder beetle
 10377 | D:12     | Killed a boulder beetle
 11232 | D:13     | Noticed a two-headed ogre
 11254 | D:13     | Killed a two-headed ogre
 11269 | D:13     | Found a gate to the Vaults.
 11359 | Lair:1   | Entered Level 1 of the Lair of Beasts
 11443 | Lair:1   | Noticed a four-headed hydra
 11659 | Lair:1   | Acquired the +0 tower shield of Iti Cos {rPois rN+ rCorr
                  | SInv}
 12014 | Lair:1   | Noticed Gastronok
 12048 | Lair:1   | Killed Gastronok
 12565 | Lair:2   | Found a shimmering blue altar of Sif Muna.
 12680 | Lair:2   | Reached skill level 5 in Shields
 13164 | Lair:3   | Found a staircase to the Snake Pit.
 13230 | Lair:3   | Reached XP level 13. HP: 125/128 MP: 18/18
 13526 | Lair:3   | You fall into a shaft and drop 1 floor!
 15048 | Lair:4   | Found a staircase to the Swamp.
 15349 | Lair:5   | Found a transporter.
 15352 | Lair:5   | Noticed frimble's ghost (journeyman TrWr)
 15664 | Lair:5   | Found a transporter.
 15675 | Lair:5   | Reached skill level 10 in Throwing
 15929 | Lair:6   | Entered Level 6 of the Lair of Beasts
 16068 | Lair:6   | Found a viscous altar of Jiyva.
 16068 | Lair:6   | Found a staircase to the Slime Pits.
 16103 | Lair:6   | Noticed a dire elephant
 16104 | Lair:6   | Noticed a dire elephant
 16104 | Lair:6   | Noticed a dire elephant
 16145 | Lair:6   | Killed a dire elephant
 16214 | Lair:6   | Reached XP level 14. HP: 57/140 MP: 17/19
 16850 | Lair:6   | Reached skill level 10 in Fighting
 17193 | Lair:6   | Reached skill level 10 in Shields
 18095 | Temple   | Entered the Ecumenical Temple
 18207 | Temple   | Became a worshipper of Cheibriados the Contemplative
 18323 | Orc:1    | Entered Level 1 of the Orcish Mines
 18477 | Orc:2    | Entered Level 2 of the Orcish Mines
 18482 | Orc:2    | Noticed Sonja
 18495 | Orc:2    | Found a staircase to the Elven Halls.
 18499 | Orc:2    | Noticed an orc warlord
 18500 | Orc:2    | Found a flickering gateway to a bazaar.
 18505 | Bazaar   | Entered a bazaar
 18505 | Bazaar   | Found Cugg's General Store.
 18505 | Bazaar   | Found Keeg's Jewellery Shop.
 18505 | Bazaar   | Found Ziyzi's Assorted Antiques.
 18519 | Bazaar   | Bought a crude iron ring for 145 gold pieces
 18519 | Bazaar   | Identified the ring "Zohiaj" {rPois Str+2 Dex+4} (You
                  | bought it in a shop in a bazaar)
 18528 | Bazaar   | Acquired the ring of the Lonely Yaks {rElec AC+4 Str+3
                  | Int-5 Slay+3}
 18557 | Orc:2    | Reached * piety under Cheibriados
 18560 | Orc:2    | Reached skill level 12 in Unarmed Combat
 18561 | Orc:2    | Killed an orc warlord
 18632 | Orc:2    | Found Jyckyobb's Gadget Gallery.
 18836 | Orc:2    | Reached ** piety under Cheibriados
 18837 | Orc:2    | Reached XP level 15. HP: 149/149 MP: 20/20
 18979 | Orc:2    | Found Soeggoha's Antique Weapon Shoppe.
 18979 | Orc:2    | Found Necus's Weapon Boutique.
 18979 | Orc:2    | Found Nexa's Book Shoppe.
 18979 | Orc:2    | Found Kogaani's Antique Armour Boutique.
 19111 | Orc:2    | Killed Sonja
 19147 | Orc:2    | Noticed Josephine
 19159 | Orc:2    | Killed Josephine
 19261 | Orc:2    | Reached *** piety under Cheibriados
 19285 | Orc:2    | Found a runed translucent door.
 19291 | Orc:2    | Noticed ytrimaz's ghost (journeyman MiFi)
 19607 | D:5      | Killed pokeman's ghost
 19662 | D:6      | Killed Maggie
 19776 | D:9      | Killed DarkMailMan's ghost
 19926 | D:10     | Noticed a shadow dragon
 19926 | D:10     | Noticed a frost giant
 19927 | D:10     | Noticed a rockslime
 19927 | D:10     | a shadow dragon changed into a rockslime
 19927 | D:10     | Noticed an iron giant
 19927 | D:10     | a rockslime changed into an iron giant
 19928 | D:10     | Noticed a golden dragon
 19928 | D:10     | an iron giant changed into a golden dragon
 19928 | D:10     | Noticed a caustic shrike
 19928 | D:10     | a golden dragon changed into a caustic shrike
 20183 | D:13     | Reached **** piety under Cheibriados
 20243 | D:13     | You fall into a shaft and drop 2 floors!
 20243 | D:15     | Entered Level 15 of the Dungeon
 20663 | D:14     | Identified the ring "Hokhlar" {rN+ Str+6 Slay+2}
 21442 | D:15     | Found a staircase to the Depths.
 21454 | D:15     | Reached skill level 13 in Unarmed Combat
 21652 | D:15     | Reached ***** piety under Cheibriados
 22160 | Snake:1  | Entered Level 1 of the Snake Pit
 22246 | Snake:1  | Acquired a manual of Unarmed Combat
 22601 | Snake:1  | Found a hazy altar of Hepliaklqana.
 22657 | Snake:1  | Reached XP level 16. HP: 158/158 MP: 21/21
 23494 | Snake:2  | Reached skill level 14 in Unarmed Combat
 24478 | Snake:3  | Reached ****** piety under Cheibriados
 24941 | Snake:3  | Reached skill level 15 in Unarmed Combat
 25687 | Snake:4  | Entered Level 4 of the Snake Pit
 26094 | Snake:4  | Identified the +9 shortbow of the Endless March {freeze,
                  | rPois rN+ Str+5 Int-4}
 26329 | Snake:4  | Reached skill level 16 in Unarmed Combat
 26360 | Snake:4  | Noticed Saint Roka
 26385 | Snake:4  | Killed Saint Roka
 26474 | Snake:4  | Reached skill level 15 in Shields
 26800 | Snake:4  | Reached XP level 17. HP: 166/166 MP: 22/22
 26841 | Snake:4  | Identified the amulet of Sin {RegenMP Will++ rCorr Dex+2}
 26981 | Snake:4  | Reached skill level 1 in Invocations
 27409 | Snake:4  | Reached skill level 17 in Unarmed Combat
 27523 | Snake:4  | Got a serpentine rune of Zot
 27819 | Elf:1    | Entered Level 1 of the Elven Halls
 27867 | Elf:1    | Learned a level 2 spell: Passwall
 27883 | Elf:1    | Found a crumbling gateway.
 27901 | Desolati | Entered the Desolation of Salt
 28098 | Desolati | Identified the +1 robe "Tiemo" {rN+}
 28296 | Desolati | Identified the +10 hand crossbow of the Fox {flame, Str-4
                  | Int+10}
 28482 | Desolati | Got the Reference Book on the Blaze and Snow
 28514 | Desolati | Identified the +5 long sword of Doom {freeze, Will+ Int+2}
 28667 | Desolati | Reached skill level 5 in Invocations
 29050 | Elf:1    | Noticed a Brimstone Fiend
 29052 | Elf:1    | Reached skill level 5 in Armour
 29108 | Elf:1    | Reached skill level 18 in Unarmed Combat
 29142 | Elf:1    | Reached XP level 18. HP: 164/176 MP: 23/23
 29180 | Elf:1    | Found a runed translucent gate.
 29180 | Elf:1    | Found a runed translucent gate.
 29180 | Elf:1    | Found a runed translucent gate.
 29180 | Elf:1    | Found a runed translucent gate.
 29180 | Elf:1    | Found a runed translucent gate.
 29183 | Elf:1    | Found a runed translucent gate.
 29379 | Elf:1    | Reached skill level 5 in Dodging
 29804 | Elf:2    | Found Fogibbez's Weapon Shoppe.
 29952 | Elf:2    | Found a runed translucent gate.
 29952 | Elf:2    | Found a runed translucent gate.
 29952 | Elf:2    | Found a runed translucent gate.
 30107 | Orc:2    | Bought 5 javelins for 52 gold pieces
 30180 | Orc:2    | Killed ytrimaz's ghost
 30296 | Elf:3    | Entered Level 3 of the Elven Halls
 30380 | Elf:3    | Found a portal to a secret trove of treasure.
 30450 | Elf:3    | Paralysed by an air elemental for 1 turns
 30570 | Elf:3    | Found Gaacyry's Magic Scroll Shop.
 30573 | Elf:3    | Bought a scroll of teleportation for 60 gold pieces
 30573 | Elf:3    | Bought a scroll of teleportation for 60 gold pieces
 30573 | Elf:3    | Bought a scroll of teleportation for 60 gold pieces
 30573 | Elf:3    | Bought a scroll of blinking for 150 gold pieces
 30573 | Elf:3    | Bought a scroll of immolation for 70 gold pieces
 30743 | Elf:3    | Identified the +8 halberd of Certain Death {vorpal, *Slow
                  | rN+ Str+2 Int+2}
 30929 | Elf:3    | Identified the +10 long sword of Wutysmim {vorpal, rF+ rC+
                  | Str+4}
 30947 | Elf:3    | Identified the +5 war axe "Hiche" {spect, rPois}
 31097 | Elf:3    | Identified the +3 long sword "Izxubb" {freeze, Will+ Int+3}
 31180 | Elf:3    | Got the Volume of Doomed Hexes
 31660 | Elf:3    | Learned a level 6 spell: Statue Form
 31927 | Depths:1 | Entered Level 1 of the Depths
 31970 | Depths:1 | Found Xassuf's General Store.
 32058 | Depths:1 | Found Ixzuh's Distillery.
 32058 | Depths:1 | Found Ogrucu's Distillery.
 32063 | Depths:1 | Found Kayn's Armour Shoppe.
 32066 | Depths:1 | Bought a potion of curing for 69 gold pieces
 32066 | Depths:1 | Bought 2 potions of heal wounds for 230 gold pieces
 32066 | Depths:1 | Bought a potion of heal wounds for 115 gold pieces
 32066 | Depths:1 | Bought a potion of magic for 184 gold pieces
 32072 | Depths:1 | Bought a potion of heal wounds for 90 gold pieces
 32072 | Depths:1 | Bought a potion of curing for 54 gold pieces
 32072 | Depths:1 | Bought a potion of curing for 54 gold pieces
 32072 | Depths:1 | Bought a potion of heal wounds for 90 gold pieces
 32072 | Depths:1 | Bought a potion of curing for 54 gold pieces
 32072 | Depths:1 | Bought a potion of haste for 180 gold pieces
 32072 | Depths:1 | Bought a potion of haste for 180 gold pieces
 32391 | Elf:3    | You paid a toll of 8 potions of haste to enter a treasure
                  | trove
 32392 | Trove    | Entered a treasure trove
 32394 | Trove    | Found the +5 robe of Night {Dark Will+ SInv}
 32410 | Trove    | Identified the +0 robe "Meijait" {rElec Regen+ Dex+5}
 32412 | Trove    | Identified the +0 cloak of Genwea {rC- Int+8 Dex+4 Slay+2}
 32418 | Trove    | Identified the +0 hat "Ysafryeps" {rC+ Int+2 SInv}
 32419 | Trove    | Identified the +7 gold dragon scales of Voracious Wonder
                  | {rPois rF+ rC+ Str-4 Int+5}
 32425 | Trove    | Identified the +1 cloak "Kuf Coje" {rElec rF+ Dex+4}
 32664 | Vaults:1 | Entered Level 1 of the Vaults
 32689 | Vaults:1 | Reached skill level 19 in Unarmed Combat
 32689 | Vaults:1 | Reached skill level 1 in Earth Magic
 32737 | Vaults:1 | Reached skill level 1 in Transmutations
 32745 | Vaults:1 | Reached XP level 19. HP: 187/189 MP: 25/25
 32765 | Vaults:1 | Reached skill level 10 in Invocations
 33950 | Vaults:2 | Found Pysat's Magic Scroll Shop.
 33958 | Vaults:2 | Bought 3 scrolls of blinking for 472 gold pieces
 33958 | Vaults:2 | Bought a scroll of acquirement for 1092 gold pieces
 33958 | Vaults:2 | Bought a scroll of teleportation for 63 gold pieces
 33958 | Vaults:2 | Acquired a manual of Unarmed Combat
 34028 | Vaults:2 | Noticed Mara
 34032 | Vaults:2 | Noticed frimble's illusion
 34038 | Vaults:2 | Noticed frimble's illusion
 34040 | Vaults:2 | Killed Mara
 34311 | Vaults:2 | Noticed Sojobo
 34344 | Vaults:2 | Killed Sojobo
 34440 | Vaults:2 | Found Cemoneel's Magic Scroll Emporium.
 35013 | Vaults:2 | Reached skill level 5 in Earth Magic
 35316 | Vaults:3 | Found a flickering gateway to a bazaar.
 35328 | Bazaar   | Entered a bazaar
 35337 | Bazaar   | Found Kebaetu's Antique Weapon Emporium.
 35350 | Bazaar   | Found Urre's Antique Weapon Shoppe.
 35367 | Bazaar   | Found Wiyco's Antique Armour Shoppe.
 35378 | Bazaar   | Found Eczoruuz's Antique Armour Emporium.
 35725 | Vaults:3 | Found Falil's General Store.
 35782 | Vaults:3 | Reached XP level 20. HP: 138/201 MP: 27/27
 35867 | Vaults:3 | Reached skill level 20 in Unarmed Combat
 35894 | Vaults:3 | Found a staircase to the Crypt.
 35965 | Vaults:3 | Found Qiuned's Book Shop.
 36284 | Vaults:3 | Reached skill level 5 in Transmutations
 36413 | Vaults:3 | Found Bihiad's Antique Armour Shop.
 38896 | Depths:1 | Found a gateway to Hell.
 39028 | Depths:1 | Found a gateway to a ziggurat.
 39046 | Depths:1 | Found a snail-covered altar of Cheibriados.
 39170 | Depths:1 | Found a hide-covered altar of Uskayaw.
 39273 | Depths:1 | Reached XP level 21. HP: 211/211 MP: 29/29
 39316 | Depths:2 | Found a magical portal.
 39325 | WizLab   | Entered Cigotuvi's Fleshworks
 39366 | WizLab   | Gained mutation: You are occasionally teleported next to
                  | monsters. [mutagenic glow]
 39375 | WizLab   | Gained mutation: You are weak. (Str -2) [mutagenic glow]
 39391 | WizLab   | Gained mutation: You sometimes lose the ability to read
                  | scrolls when taking damage. [mutagenic glow]
 39498 | WizLab   | Reached skill level 21 in Unarmed Combat
 39571 | WizLab   | Got Cigotuvi's Papyrus of Transmutation and Dark Arts
 39573 | WizLab   | Got Sif Muna's Handbook of Transformation
 39852 | WizLab   | Identified the ring "Icoshorr" {rPois MP+9 Str+4}
 40086 | Depths:2 | Lost mutation: You are weak. (Str -2) [potion of mutation]
 40086 | Depths:2 | Lost mutation: You sometimes lose the ability to read
                  | scrolls when taking damage. [potion of mutation]
 40086 | Depths:2 | Lost mutation: You are occasionally teleported next to
                  | monsters. [potion of mutation]
 40086 | Depths:2 | Gained mutation: Potions are less effective at restoring
                  | your health. [potion of mutation]
 40086 | Depths:2 | Gained mutation: A frigid envelope surrounds you and
                  | freezes all who hurt you. [potion of mutation]
 40086 | Depths:2 | Gained mutation: You have a somewhat thin skeletal
                  | structure. (Dex +2, Stealth+) [potion of mutation]
 40088 | Depths:2 | Found a one-way gate to the infinite horrors of the Abyss.
 40265 | Depths:2 | Noticed a golden dragon
 40273 | Depths:2 | Killed a golden dragon
 40347 | Depths:2 | Identified the +10 great mace of Nacitwint {chaos, *Noise
                  | Str+4 Dex+5}
 40662 | Depths:2 | Found a one-way gate leading to the halls of Pandemonium.
 41091 | Depths:2 | You fall into a shaft and drop 1 floor!
 41091 | Depths:3 | Noticed a caustic shrike
 41754 | Depths:3 | Gained mutation: You tend to lose your temper in combat.
                  | [mutagenic glow]
 41757 | Depths:3 | Lost mutation: You tend to lose your temper in combat.
                  | [potion of mutation]
 41757 | Depths:3 | Lost mutation: Potions are less effective at restoring your
                  | health. [potion of mutation]
 41757 | Depths:3 | Gained mutation: You possess an exceptional clarity of
                  | mind. [potion of mutation]
 41757 | Depths:3 | Gained mutation: You sometimes lose the ability to read
                  | scrolls when taking damage. [potion of mutation]
 41765 | Depths:3 | Lost mutation: You possess an exceptional clarity of mind.
                  | [mutagenic glow]
 42065 | Depths:3 | Killed a caustic shrike
 42082 | Depths:3 | Reached skill level 22 in Unarmed Combat
 42187 | Depths:3 | Identified the +4 battleaxe "Zuenlar" {holy, rN+ Will+}
 42436 | Depths:4 | Entered Level 4 of the Depths
 42476 | Depths:4 | Noticed a golden dragon
 42485 | Depths:4 | Killed a golden dragon
 42938 | Swamp:1  | Entered Level 1 of the Swamp
 42949 | Swamp:1  | Found a runed translucent gate.
 42950 | Swamp:1  | Found a runed translucent gate.
 42951 | Swamp:1  | Found a runed translucent gate.
 42954 | Swamp:1  | Noticed Iffuusoj's ghost (adept MiBe)
 42954 | Swamp:1  | Noticed Nihene's ghost (adept FoAK)
 42981 | Swamp:1  | Found a frozen archway.
 42990 | IceCv    | Entered an ice cave
 43066 | IceCv    | Found a transporter.
 43073 | IceCv    | Found a transporter.
 43236 | Swamp:1  | You fall into a shaft and drop 1 floor!
 43236 | Swamp:2  | Found a shimmering altar of Xom.
 43304 | Swamp:2  | Reached XP level 22. HP: 224/224 MP: 30/30
 43310 | Swamp:2  | Lost mutation: You have a somewhat thin skeletal structure.
                  | (Dex +2, Stealth+) [potion of mutation]
 43310 | Swamp:2  | Lost mutation: You sometimes lose the ability to read
                  | scrolls when taking damage. [potion of mutation]
 43310 | Swamp:2  | Gained mutation: Your system is resistant to poisons.
                  | (rPois) [potion of mutation]
 43310 | Swamp:2  | Gained mutation: Your body sometimes deteriorates upon
                  | taking damage. [potion of mutation]
 43310 | Swamp:2  | Gained mutation: You are somewhat resistant to further
                  | mutation. [potion of mutation]
 43311 | Swamp:2  | Lost mutation: Your body sometimes deteriorates upon taking
                  | damage. [potion of mutation]
 43572 | Swamp:2  | Identified the +12 rapier "Lodig" {protect, +Blink rC-
                  | Dex+3}
 44198 | Swamp:1  | Killed Nihene's ghost
 44201 | Swamp:1  | Killed Iffuusoj's ghost
 44309 | Swamp:3  | Noticed Donald
 44316 | Swamp:3  | Killed Donald
 44739 | Swamp:3  | Gained mutation: You sometimes lose the ability to read
                  | scrolls when taking damage. [potion of mutation]
 44740 | Swamp:3  | Lost mutation: You sometimes lose the ability to read
                  | scrolls when taking damage. [potion of mutation]
 44740 | Swamp:3  | Lost mutation: You are somewhat resistant to further
                  | mutation. [potion of mutation]
 44740 | Swamp:3  | Gained mutation: You are frail. (-10% HP) [potion of
                  | mutation]
 44740 | Swamp:3  | Gained mutation: You expend magic power (3 MP) to
                  | strengthen your wands. [potion of mutation]
 44740 | Swamp:3  | Lost mutation: You are frail. (-10% HP) [potion of
                  | mutation]
 44741 | Swamp:3  | Lost mutation: You expend magic power (3 MP) to strengthen
                  | your wands. [potion of mutation]
 44741 | Swamp:3  | Lost mutation: Your system is resistant to poisons. (rPois)
                  | [potion of mutation]
 44741 | Swamp:3  | Gained mutation: Your body sometimes deteriorates upon
                  | taking damage. [potion of mutation]
 44741 | Swamp:3  | Gained mutation: Your flesh is heat resistant. (rF+)
                  | [potion of mutation]
 44742 | Swamp:3  | Lost mutation: Your flesh is heat resistant. (rF+) [potion
                  | of mutation]
 44742 | Swamp:3  | Lost mutation: A frigid envelope surrounds you and freezes
                  | all who hurt you. [potion of mutation]
 44742 | Swamp:3  | Gained mutation: You heal very quickly. [potion of
                  | mutation]
 44742 | Swamp:3  | Gained mutation: You are partially covered in iridescent
                  | scales. (AC +2) [potion of mutation]
 44743 | Swamp:3  | Lost mutation: You are partially covered in iridescent
                  | scales. (AC +2) [potion of mutation]
 44743 | Swamp:3  | Lost mutation: Your body sometimes deteriorates upon taking
                  | damage. [potion of mutation]
 44743 | Swamp:3  | Gained mutation: You have large cloven feet. [potion of
                  | mutation]
 44743 | Swamp:3  | Gained mutation: You have a pair of small antennae on your
                  | head. [potion of mutation]
 44760 | Swamp:4  | Entered Level 4 of the Swamp
 44818 | Swamp:4  | Reached skill level 10 in Earth Magic
 45138 | Swamp:4  | Reached skill level 15 in Fighting
 45304 | Swamp:4  | Found a blossoming altar of Fedhas.
 45329 | Swamp:4  | Got a decaying rune of Zot
 45479 | Swamp:4  | Found a basalt altar of Yredelemnul.
 45939 | Depths:4 | Noticed a golden dragon
 45967 | Depths:4 | Killed a golden dragon
 46100 | Depths:4 | Noticed a golden dragon
 46109 | Depths:4 | Killed a golden dragon
 46234 | Depths:4 | Found a stormy altar of Qazlal.
 46351 | Depths:4 | Found a gate to the Realm of Zot.
 46503 | Depths:4 | Found Pousolie's Jewellery Boutique.
 46503 | Depths:4 | Found Enaesuk's Book Shoppe.
 46505 | Depths:4 | Found Battowao's Book Shoppe.
 47049 | Depths:4 | Learned a level 4 spell: Passage of Golubria
 47341 | Crypt:1  | Entered Level 1 of the Crypt
 47382 | Crypt:1  | Noticed a royal mummy
 47382 | Crypt:1  | Noticed Khufu
 47384 | Crypt:1  | Reached XP level 23. HP: 232/233 MP: 26/31
 47385 | Crypt:1  | Noticed a royal mummy
 47387 | Crypt:1  | Noticed a royal mummy
 47390 | Crypt:1  | Killed a royal mummy
 47394 | Crypt:1  | Killed a royal mummy
 47500 | Crypt:1  | Reached skill level 10 in Transmutations
 47627 | Crypt:1  | Killed Khufu
 47629 | Crypt:1  | Killed a royal mummy
 48305 | Crypt:2  | Noticed Jory
 48312 | Crypt:2  | Killed Jory
 49141 | Crypt:3  | Entered Level 3 of the Crypt
 49171 | Crypt:3  | Noticed an ancient lich
 49176 | Crypt:3  | Killed an ancient lich
 49219 | Crypt:3  | Identified the +9 dire flail of Wytz {spect, rPois rCorr}
 49240 | Crypt:3  | Found a staircase to the Tomb.
 49279 | Crypt:3  | Found a runed translucent gate.
 49279 | Crypt:3  | Found a runed translucent gate.
 49279 | Crypt:3  | Found a runed translucent gate.
 49279 | Crypt:3  | Noticed Zivuv's ghost (veteran FoFi)
 49280 | Crypt:3  | Found an iron altar of Okawaru.
 49299 | Crypt:3  | Killed Zivuv's ghost
 49303 | Crypt:3  | Noticed an ancient lich
 49309 | Crypt:3  | Killed an ancient lich
 49343 | Crypt:3  | Identified the +5 kite shield of Oplaxo {rC+ Str+3 Dex+7}
 49529 | Crypt:3  | Found an ancient bone altar of Kikubaaqudgha.
 49544 | Crypt:3  | Found the +5 scythe "Finisher" {speed, eviscerate}
 49597 | Crypt:3  | Reached XP level 24. HP: 198/250 MP: 31/31
 49764 | Crypt:3  | Identified the +0 ring mail of Duneolo {rF++ Int+6}
 50267 | Crypt:3  | Acquired 630 gold pieces
 50269 | Crypt:3  | Acquired 601 gold pieces
 50271 | Crypt:3  | Acquired 343 gold pieces
 50371 | Vaults:3 | Bought a manual of Unarmed Combat for 1440 gold pieces
 50371 | Vaults:3 | Bought a book of Party Tricks for 540 gold pieces
 50373 | Vaults:3 | Learned a level 1 spell: Apportation
 50461 | Vaults:5 | Entered Level 5 of the Vaults
 50461 | Vaults:5 | Noticed a dread lich
 50491 | Vaults:5 | Noticed Mennas
 50500 | Vaults:4 | Killed a dread lich
 50512 | Vaults:4 | Killed Mennas
 50594 | Vaults:5 | Identified the +11 short sword of Embarrassment {elec, rN+
                  | Int+4}
 50622 | Vaults:5 | Reached skill level 23 in Unarmed Combat
 50749 | Vaults:5 | Noticed an ancient lich
 50752 | Vaults:5 | Killed an ancient lich
 50937 | Vaults:5 | Reached skill level 5 in Spellcasting
 50944 | Vaults:5 | Identified the amulet "Ojybum" {Harm rN+ Will+ Regen+}
 51087 | Vaults:5 | Identified the +5 mace of the Witching Augurer {antimagic,
                  | rF+ Str+2 Stlth-}
 51149 | Vaults:5 | Reached XP level 25. HP: 246/261 MP: 31/31
 51678 | Vaults:5 | Got Sosobin's Almanac of Vitriolic Changing
 51680 | Vaults:5 | Got a silver rune of Zot
 52070 | Zot:1    | Entered Level 1 of the Realm of Zot
 52188 | Zot:1    | Reached skill level 24 in Unarmed Combat
 52487 | Zot:1    | Reached skill level 10 in Dodging
 53157 | Zot:2    | Reached skill level 15 in Earth Magic
 54151 | Zot:3    | Reached skill level 25 in Unarmed Combat
 54720 | Zot:4    | Reached XP level 26. HP: 253/273 MP: 32/32
 54938 | Zot:4    | Paralysed by a Zot trap for 5 turns
 55261 | Zot:5    | Entered Level 5 of the Realm of Zot
 56026 | Hell     | Entered the Vestibule of Hell
 56026 | Hell     | Noticed Geryon
 56039 | Hell     | Killed Geryon
 56326 | Depths:2 | Voluntarily entered the Abyss.
 56326 | Abyss:1  | Found a corrupted altar of Lugonu.
 56403 | Abyss:2  | Found a corrupted altar of Lugonu.
 56468 | Abyss:3  | Found a corrupted altar of Lugonu.
 56614 | Abyss:3  | Got an abyssal rune of Zot
 56799 | Abyss:3  | Gained mutation: Potions are less effective at restoring
                  | your health. [a neqoxec]
 56800 | Abyss:3  | Gained mutation: Your magical capacity is low. (-10% MP) [a
                  | neqoxec]
 56952 | Depths:2 | Escaped the Abyss
 56990 | Zig:1    | Entered Level 1 of a ziggurat
 57012 | Zig:2    | Entered Level 2 of a ziggurat
 57054 | Zig:2    | Identified the +0 pair of boots "Avuj" {rElec Slay+2}
 57057 | Zig:3    | Entered Level 3 of a ziggurat
 57061 | Zig:3    | Noticed Izyrif the pandemonium lord
 57065 | Zig:3    | Gained mutation: You are occasionally teleported next to
                  | monsters. [a shining eye]
 57066 | Zig:3    | Paralysed by a floating eye for 2 turns
 57067 | Zig:3    | Gained mutation: You are frail. (-10% HP) [a shining eye]
 57072 | Zig:3    | Killed Izyrif the pandemonium lord
 57078 | Zig:3    | Got the Incunabulum of Displaced Conjuration
 57082 | Zig:3    | Identified the +1 fustibalus of Excruciating Pain {flame,
                  | Fragile rPois Dex+2}
 57083 | Zig:3    | Identified the +2 chain mail of the Grue {Fly rPois}
 57088 | Zig:4    | Entered Level 4 of a ziggurat
 57104 | Zig:4    | Reached skill level 26 in Unarmed Combat
 57132 | Zig:5    | Entered Level 5 of a ziggurat
 57169 | Zig:5    | Identified the +7 trident of Tanuc {pain, rC++ Str-4
                  | Stlth+}
 57177 | Zig:6    | Entered Level 6 of a ziggurat
 57203 | Zig:6    | Identified the +11 hand axe "Javanoz" {venom, rF+ Dex+3}
 57210 | Zig:7    | Entered Level 7 of a ziggurat
 57249 | Zig:7    | Identified the +10 morningstar of Joikidwu {vorpal, Dex+4}
 57265 | Zig:7    | Lost mutation: You are frail. (-10% HP) [potion of
                  | mutation]
 57265 | Zig:7    | Lost mutation: You heal very quickly. [potion of mutation]
 57265 | Zig:7    | Gained mutation: You are partially covered in iridescent
                  | scales. (AC +2) [potion of mutation]
 57265 | Zig:7    | Gained mutation: You sometimes lose the ability to read
                  | scrolls when taking damage. [potion of mutation]
 57265 | Zig:7    | Gained mutation: Your system is resistant to poisons.
                  | (rPois) [potion of mutation]
 57266 | Zig:7    | Lost mutation: Your system is resistant to poisons. (rPois)
                  | [potion of mutation]
 57266 | Zig:7    | Lost mutation: Your magical capacity is low. (-10% MP)
                  | [potion of mutation]
 57266 | Zig:7    | Lost mutation: You have a pair of small antennae on your
                  | head. [potion of mutation]
 57266 | Zig:7    | Gained mutation: Your magical capacity is low. (-10% MP)
                  | [potion of mutation]
 57266 | Zig:7    | Gained mutation: You are weak. (Str -2) [potion of
                  | mutation]
 57267 | Zig:7    | Lost mutation: You sometimes lose the ability to read
                  | scrolls when taking damage. [potion of mutation]
 57267 | Zig:7    | Lost mutation: Your magical capacity is low. (-10% MP)
                  | [potion of mutation]
 57267 | Zig:7    | Gained mutation: You are robust. (+10% HP) [potion of
                  | mutation]
 57267 | Zig:7    | Gained mutation: You passively map a small area around you.
                  | [potion of mutation]
 57267 | Zig:7    | Gained mutation: Your system is resistant to poisons.
                  | (rPois) [potion of mutation]
 57268 | Zig:7    | Lost mutation: You are weak. (Str -2) [potion of mutation]
 57268 | Zig:7    | Lost mutation: You are robust. (+10% HP) [potion of
                  | mutation]
 57268 | Zig:7    | Lost mutation: Your system is resistant to poisons. (rPois)
                  | [potion of mutation]
 57268 | Zig:7    | Gained mutation: You are covered in thick fur. (AC +2)
                  | [potion of mutation]
 57269 | Zig:7    | Lost mutation: You are partially covered in iridescent
                  | scales. (AC +2) [potion of mutation]
 57269 | Zig:7    | Lost mutation: You passively map a small area around you.
                  | [potion of mutation]
 57269 | Zig:7    | Gained mutation: You sometimes lose the ability to read
                  | scrolls when taking damage. [potion of mutation]
 57269 | Zig:7    | Gained mutation: You are clumsy. (Dex -2) [potion of
                  | mutation]
 57269 | Zig:7    | Gained mutation: You have supernaturally acute eyesight.
                  | (SInv) [potion of mutation]
 57270 | Zig:7    | Lost mutation: You have large cloven feet. [potion of
                  | mutation]
 57270 | Zig:7    | Lost mutation: You are occasionally teleported next to
                  | monsters. [potion of mutation]
 57270 | Zig:7    | Gained mutation: You have a pair of small horns on your
                  | head. [potion of mutation]
 57270 | Zig:7    | Gained mutation: You are strong-willed. (Will+) [potion of
                  | mutation]
 57271 | Zig:7    | Lost mutation: You are strong-willed. (Will+) [potion of
                  | mutation]
 57271 | Zig:7    | Lost mutation: You have a pair of small horns on your head.
                  | [potion of mutation]
 57271 | Zig:7    | Gained mutation: You are partially covered in iridescent
                  | scales. (AC +2) [potion of mutation]
 57271 | Zig:7    | Gained mutation: You passively map a small area around you.
                  | [potion of mutation]
 57272 | Zig:7    | Lost mutation: You are covered in thick fur. (AC +2)
                  | [potion of mutation]
 57272 | Zig:7    | Lost mutation: You are partially covered in iridescent
                  | scales. (AC +2) [potion of mutation]
 57272 | Zig:7    | Lost mutation: You are clumsy. (Dex -2) [potion of
                  | mutation]
 57272 | Zig:7    | Gained mutation: Your movements are slightly less
                  | encumbered by armour. (ER -2) [potion of mutation]
 57273 | Zig:7    | Lost mutation: You have supernaturally acute eyesight.
                  | (SInv) [potion of mutation]
 57273 | Zig:7    | Lost mutation: You sometimes lose the ability to read
                  | scrolls when taking damage. [potion of mutation]
 57273 | Zig:7    | Gained mutation: You sometimes lose the ability to read
                  | scrolls when taking damage. [potion of mutation]
 57273 | Zig:7    | Gained mutation: You are occasionally teleported next to
                  | monsters. [potion of mutation]
 57273 | Zig:7    | Gained mutation: You are partially covered in iridescent
                  | scales. (AC +2) [potion of mutation]
 57274 | Zig:7    | Lost mutation: You sometimes lose the ability to read
                  | scrolls when taking damage. [potion of mutation]
 57274 | Zig:7    | Lost mutation: Potions are less effective at restoring your
                  | health. [potion of mutation]
 57274 | Zig:7    | Gained mutation: You are mostly covered in iridescent
                  | scales. (AC +4) [potion of mutation]
 57274 | Zig:7    | Gained mutation: You have a pair of small horns on your
                  | head. [potion of mutation]
 57277 | Zig:8    | Entered Level 8 of a ziggurat
 57335 | Zig:9    | Entered Level 9 of a ziggurat
 57349 | Zig:9    | Reached XP level 27. HP: 286/286 MP: 34/34
 57475 | Zig:9    | Acquired 788 gold pieces
 57485 | Zig:9    | Identified the amulet of Dabelig {Reflect rC- Int+3 SH+5}
 57495 | Zig:10   | Entered Level 10 of a ziggurat
 57505 | Zig:10   | Noticed Radyl the pandemonium lord
 57514 | Zig:10   | Killed Radyl the pandemonium lord
 57545 | Zig:10   | Identified the ring of Piacaorch {rN+ Int+2 SInv}
 57550 | Zig:10   | Got Nirimuuc's Collected Works on Fire and Hexes
 57563 | Zig:11   | Entered Level 11 of a ziggurat
 57578 | Zig:11   | Paralysed by an air elemental for 1 turns
 57617 | Zig:11   | Found the +10 tower shield of Ignorance {rN+ Int-4}
 57642 | Zig:11   | Identified the +6 fire dragon scales of the Engineer {-Cast
                  | rPois rF++ rC- rCorr}
 57650 | Zig:12   | Entered Level 12 of a ziggurat
 57752 | Zig:13   | Entered Level 13 of a ziggurat
 57867 | Zig:13   | Found the ring of the Mage {Wiz Will++ Int+3}
 57867 | Zig:13   | Found the +5 demon whip "Spellbinder" {antimagic, Will+}
 57876 | Zig:13   | Identified the ring "Toutiohe" {rPois rF+ rC++ rCorr EV+4
                  | Int-4}
 57885 | Zig:13   | Identified the +10 whip of Ycolenu {spect, Str+5 Int-2}
 57890 | Zig:13   | Got the Catalogue of Creation and Ice
 57915 | Zig:13   | Learned a level 8 spell: Necromutation
 58122 | Zot:5    | Noticed an ancient lich
 58182 | Zot:5    | Reached skill level 1 in Necromancy
 58183 | Zot:5    | Noticed an orb of fire
 58185 | Zot:5    | Gained mutation: You are dopey. (Int -2) [an orb of fire]
 58187 | Zot:5    | Killed an orb of fire
 58328 | Zot:5    | Noticed an orb of fire
 58331 | Zot:5    | Killed an orb of fire
 58332 | Zot:5    | Reached skill level 5 in Necromancy
 58559 | Zot:5    | Noticed a dread lich
 58564 | Zot:5    | Killed a dread lich
 58572 | Zot:5    | Noticed an orb of fire
 58574 | Zot:5    | Noticed a dread lich
 58575 | Zot:5    | Gained mutation: Your magical capacity is low. (-10% MP)
                  | [an orb of fire]
 58578 | Zot:5    | Gained mutation: You are weak. (Str -2) [an orb of fire]
 58580 | Zot:5    | Killed an orb of fire
 58584 | Zot:5    | Killed a dread lich
 58587 | Zot:5    | Reached skill level 10 in Necromancy
 58615 | Zot:5    | Killed an ancient lich
 59376 | Slime:1  | Entered Level 1 of the Pits of Slime
 59394 | Slime:3  | Gained mutation: You tend to lose your temper in combat. [a
                  | shining eye]
 59426 | Slime:5  | Entered Level 5 of the Pits of Slime
 59451 | Slime:5  | Noticed the Royal Jelly
 59455 | Slime:5  | Killed the Royal Jelly
 59490 | Slime:5  | Gained mutation: Your body sometimes deteriorates upon
                  | taking damage. [a shining eye]
 59511 | Slime:5  | Got a slimy rune of Zot
 59532 | Slime:5  | Identified the +1 robe "Beehystre" {rElec}
 59670 | Slime:3  | Lost mutation: Your body sometimes deteriorates upon taking
                  | damage. [potion of mutation]
 59670 | Slime:3  | Lost mutation: You passively map a small area around you.
                  | [potion of mutation]
 59670 | Slime:3  | Gained mutation: You heal very quickly. [potion of
                  | mutation]
 59671 | Slime:3  | Lost mutation: You are mostly covered in iridescent scales.
                  | (AC +4) [potion of mutation]
 59671 | Slime:3  | Lost mutation: You tend to lose your temper in combat.
                  | [potion of mutation]
 59671 | Slime:3  | Lost mutation: You heal very quickly. [potion of mutation]
 59671 | Slime:3  | Lost mutation: Your movements are slightly less encumbered
                  | by armour. (ER -2) [potion of mutation]
 59671 | Slime:3  | Gained mutation: You passively map a small area around you.
                  | [potion of mutation]
 59672 | Slime:3  | Lost mutation: You are partially covered in iridescent
                  | scales. (AC +2) [potion of mutation]
 59672 | Slime:3  | Lost mutation: You are dopey. (Int -2) [potion of mutation]
 59672 | Slime:3  | Lost mutation: You are weak. (Str -2) [potion of mutation]
 59673 | Slime:3  | Lost mutation: Your magical capacity is low. (-10% MP)
                  | [potion of mutation]
 59673 | Slime:3  | Lost mutation: You are occasionally teleported next to
                  | monsters. [potion of mutation]
 59673 | Slime:3  | Gained mutation: Your body sometimes deteriorates upon
                  | taking damage. [potion of mutation]
 59674 | Slime:3  | Lost mutation: You have a pair of small horns on your head.
                  | [potion of mutation]
 59674 | Slime:3  | Lost mutation: You passively map a small area around you.
                  | [potion of mutation]
 59674 | Slime:3  | Gained mutation: You are strong-willed. (Will+) [potion of
                  | mutation]
 59674 | Slime:3  | Gained mutation: Your flesh is cold resistant. (rC+)
                  | [potion of mutation]
 59674 | Slime:3  | Lost mutation: Your body sometimes deteriorates upon taking
                  | damage. [potion of mutation]
 59778 | Lair:5   | Killed frimble's ghost
 60161 | Tomb:1   | Entered Level 1 of the Tomb of the Ancients
 60440 | Tomb:1   | Noticed a royal mummy
 60448 | Tomb:1   | Killed a royal mummy
 60518 | Tomb:1   | Noticed a royal mummy
 60526 | Tomb:1   | Killed a royal mummy
 60539 | Tomb:1   | Noticed a royal mummy
 60551 | Tomb:1   | Killed a royal mummy
 60574 | Tomb:1   | Noticed a royal mummy
 60581 | Tomb:1   | Killed a royal mummy
 60684 | Tomb:1   | Found the +27 Lear's hauberk
 61004 | Tomb:2   | Noticed a royal mummy
 61004 | Tomb:2   | Noticed a royal mummy
 61004 | Tomb:2   | Noticed a royal mummy
 61004 | Tomb:2   | Noticed a royal mummy
 61029 | Tomb:2   | Killed a royal mummy
 61040 | Tomb:2   | Killed a royal mummy
 61131 | Tomb:2   | Killed a royal mummy
 61159 | Tomb:2   | Killed a royal mummy
 61182 | Tomb:2   | Identified the +2 chain mail "Xyext" {+Inv rElec rPois
                  | Int-3}
 61446 | Tomb:1   | Noticed a royal mummy
 61451 | Tomb:1   | Killed a royal mummy
 61452 | Tomb:1   | Noticed a royal mummy
 61456 | Tomb:1   | Noticed a royal mummy
 61456 | Tomb:1   | Noticed a royal mummy
 61568 | Tomb:1   | Noticed a royal mummy
 61572 | Tomb:1   | Killed a royal mummy
 61573 | Tomb:1   | Reached skill level 15 in Necromancy
 61575 | Tomb:1   | Killed a royal mummy
 61616 | Tomb:1   | Killed a royal mummy
 61623 | Tomb:1   | Killed a royal mummy
 61673 | Tomb:1   | Noticed a royal mummy
 61678 | Tomb:1   | Killed a royal mummy
 61757 | Tomb:1   | Noticed a royal mummy
 61770 | Tomb:1   | Killed a royal mummy
 61771 | Tomb:1   | Noticed a royal mummy
 61779 | Tomb:1   | Killed a royal mummy
 61820 | Tomb:1   | Noticed a royal mummy
 61826 | Tomb:1   | Killed a royal mummy
 61848 | Tomb:1   | Noticed a royal mummy
 61850 | Tomb:1   | Noticed a royal mummy
 61857 | Tomb:1   | Killed a royal mummy
 61865 | Tomb:1   | Killed a royal mummy
 61930 | Tomb:1   | Noticed a royal mummy
 61936 | Tomb:1   | Killed a royal mummy
 61984 | Tomb:1   | Noticed a royal mummy
 61988 | Tomb:1   | Noticed a royal mummy
 61990 | Tomb:1   | Noticed a royal mummy
 61990 | Tomb:1   | Noticed a royal mummy
 61994 | Tomb:1   | Noticed a royal mummy
 62143 | Tomb:1   | Killed a royal mummy
 62224 | Tomb:1   | Killed a royal mummy
 62342 | Tomb:1   | Killed a royal mummy
 62349 | Tomb:1   | Killed a royal mummy
 62429 | Tomb:1   | Killed a royal mummy
 63284 | Depths:2 | Voluntarily entered the Abyss.
 64017 | Abyss:5  | Entered Level 5 of the Abyss
 64548 | Depths:2 | Escaped the Abyss
 64827 | Depths:2 | Voluntarily entered the Abyss.
 64827 | Abyss:1  | Found a candlelit altar of Ignis.
 64828 | Abyss:1  | Identified the amulet "Jeos" {+Blink Regen+ rCorr Int-5
                  | Dex+2}
 64882 | Abyss:1  | Found a corrupted altar of Lugonu.
 64991 | Abyss:1  | Found a candlelit altar of Ignis.
 65021 | Abyss:1  | Gained mutation: You are dopey. (Int -2) [a cacodemon]
 65444 | Abyss:3  | Found a corrupted altar of Lugonu.
 65693 | Abyss:4  | Gained mutation: You are frail. (-10% HP) [a neqoxec]
 66288 | Abyss:4  | Gained mutation: You are very dopey. (Int -4) [a neqoxec]
 66292 | Abyss:5  | Entered Level 5 of the Abyss
 66517 | Abyss:5  | Gained mutation: You sometimes lose the ability to read
                  | scrolls when taking damage. [a neqoxec]
 66552 | Depths:2 | Escaped the Abyss
 67121 | Tomb:2   | Lost mutation: Your flesh is cold resistant. (rC+) [potion
                  | of mutation]
 67121 | Tomb:2   | Lost mutation: You are very dopey. (Int -4) [potion of
                  | mutation]
 67121 | Tomb:2   | Gained mutation: Your flesh is heat resistant. (rF+)
                  | [potion of mutation]
 67121 | Tomb:2   | Gained mutation: You are partially covered in iridescent
                  | scales. (AC +2) [potion of mutation]
 67122 | Tomb:2   | Lost mutation: You are dopey. (Int -2) [potion of mutation]
 67122 | Tomb:2   | Lost mutation: Your flesh is heat resistant. (rF+) [potion
                  | of mutation]
 67122 | Tomb:2   | Gained mutation: You are partially covered in large bone
                  | plates. (SH +4) [potion of mutation]
 67122 | Tomb:2   | Gained mutation: Your flesh is heat resistant. (rF+)
                  | [potion of mutation]
 67122 | Tomb:2   | Gained mutation: You expend magic power (3 MP) to
                  | strengthen your wands. [potion of mutation]
 67123 | Tomb:2   | Lost mutation: You are partially covered in large bone
                  | plates. (SH +4) [potion of mutation]
 67123 | Tomb:2   | Gained mutation: You are weak. (Str -2) [potion of
                  | mutation]
 67123 | Tomb:2   | Gained mutation: You are somewhat resistant to further
                  | mutation. [potion of mutation]
 67124 | Tomb:2   | Lost mutation: You expend magic power (3 MP) to strengthen
                  | your wands. [potion of mutation]
 67124 | Tomb:2   | Lost mutation: You sometimes lose the ability to read
                  | scrolls when taking damage. [potion of mutation]
 67124 | Tomb:2   | Lost mutation: You are frail. (-10% HP) [potion of
                  | mutation]
 67124 | Tomb:2   | Lost mutation: You are weak. (Str -2) [potion of mutation]
 67136 | Tomb:3   | Entered Level 3 of the Tomb of the Ancients
 67157 | Tomb:3   | Noticed a royal mummy
 67157 | Tomb:3   | Noticed a royal mummy
 67157 | Tomb:3   | Noticed a royal mummy
 67180 | Tomb:3   | Noticed a royal mummy
 67287 | Tomb:3   | Killed a royal mummy
 67287 | Tomb:3   | Killed a royal mummy
 67288 | Tomb:3   | Noticed a royal mummy
 67290 | Tomb:3   | Noticed a royal mummy
 67297 | Tomb:3   | Got the Collected Works on Creative Clay
 67297 | Tomb:3   | Got the Handbook of Companions and Black Rituals
 67310 | Tomb:3   | Killed a royal mummy
 67330 | Tomb:3   | Noticed a royal mummy
 67332 | Tomb:3   | Killed a royal mummy
 67341 | Tomb:3   | Killed a royal mummy
 67347 | Tomb:3   | Noticed a royal mummy
 67353 | Tomb:3   | Killed a royal mummy
 67353 | Tomb:3   | Noticed a royal mummy
 67364 | Tomb:3   | Killed a royal mummy
 67434 | Tomb:3   | Killed a royal mummy
 67437 | Tomb:3   | Killed a royal mummy
 67438 | Tomb:3   | Reached skill level 10 in Spellcasting
 67444 | Tomb:3   | Acquired a manual of Air Magic
 67535 | Tomb:3   | Identified the +6 arbalest "Impbane" {vorpal, rF+ Will-
                  | Int+7}
 67704 | Tomb:3   | Identified the ring "Qiutaph" {rElec Will+ Int+6 Dex+3}
 67837 | Tomb:3   | Got a golden rune of Zot
 68365 | Pan      | Entered Pandemonium
 68776 | Pan      | Noticed Ysetiufy the pandemonium lord
 68790 | Pan      | Killed Ysetiufy the pandemonium lord
 68841 | Pan      | Got a demonic rune of Zot
 69326 | Pan      | Noticed Jiocin the pandemonium lord
 69343 | Pan      | Killed Jiocin the pandemonium lord
 69554 | Pan      | Noticed Zul Jenge the pandemonium lord
 69571 | Pan      | Killed Zul Jenge the pandemonium lord
 70155 | Pan      | Noticed Ifutz the pandemonium lord
 70162 | Pan      | Killed Ifutz the pandemonium lord
 70404 | Pan      | Found an exit through the horrors of the Abyss.
 70555 | Pan      | Found an exit through the horrors of the Abyss.
 70564 | Pan      | Noticed Waizadd the pandemonium lord
 70577 | Pan      | Killed Waizadd the pandemonium lord
 70640 | Pan      | Entered the realm of Gloorx Vloq.
 71114 | Pan      | Noticed Gloorx Vloq
 71129 | Pan      | Killed Gloorx Vloq
 71160 | Pan      | Got a dark rune of Zot
 71260 | Pan      | Noticed Qivoext the pandemonium lord
 71267 | Pan      | Reached skill level 15 in Throwing
 71269 | Pan      | Killed Qivoext the pandemonium lord
 71405 | Pan      | Entered the realm of Cerebov.
 71616 | Pan      | Identified the +5 rapier of Fefeug {pain, Str+5 Int+2}
 71617 | Pan      | Got Sif Muna's Disquisition on Slavery and Curses
 71671 | Pan      | Identified the ring of Loenirul {rC+ SInv}
 71694 | Pan      | Identified the amulet of Nemelex Xobeh's Regard {Reflect
                  | Str-5 Int+5 SH+5}
 71695 | Pan      | Identified the ring "Jyrph" {Fly rC+ rN+ EV+4 Dex-2}
 71716 | Pan      | Found the +6 sword of Cerebov {flame}
 71716 | Pan      | Noticed Cerebov
 71747 | Pan      | Killed Cerebov
 71837 | Pan      | Got a fiery rune of Zot
 71919 | Pan      | Entered the realm of Lom Lobon.
 71919 | Pan      | Noticed Lom Lobon
 71932 | Pan      | Killed Lom Lobon
 71994 | Pan      | Got a magical rune of Zot
 72134 | Pan      | Acquired a manual of Transmutations
 72287 | Pan      | Entered the realm of Mnoleg.
 72320 | Pan      | Reached skill level 15 in Transmutations
 72376 | Pan      | Noticed Mnoleg
 72398 | Pan      | Killed Mnoleg
 72441 | Pan      | Reached skill level 27 in Unarmed Combat
 72547 | Pan      | Identified the ring of Umpaon {Drain rF+ Will+ Dex+6
                  | Slay+2}
 72617 | Pan      | Got a glowing rune of Zot
 73065 | Pan      | Found an exit through the horrors of the Abyss.
 73079 | Pan      | Took an exit into the Abyss.
 73079 | Abyss:1  | Escaped into the Abyss
 73101 | Abyss:1  | Paralysed by accursed screaming for 1 turns
 73147 | Abyss:1  | Paralysed by accursed screaming for 1 turns
 73216 | Abyss:1  | Noticed an ancient lich
 73229 | Abyss:1  | Killed an ancient lich
 73269 | Depths:2 | Escaped the Abyss
 73351 | Hell     | Found a gateway to the freezing wastes of Cocytus.
 73403 | Zig:1    | Entered Level 1 of a ziggurat
 73422 | Zig:2    | Entered Level 2 of a ziggurat
 73462 | Zig:3    | Entered Level 3 of a ziggurat
 73463 | Zig:3    | Noticed a royal mummy
 73497 | Zig:3    | Killed a royal mummy
 73516 | Zig:4    | Entered Level 4 of a ziggurat
 73546 | Zig:4    | Identified the +3 hand crossbow of Evil {speed, Drain rElec
                  | rPois Dex+7}
 73551 | Zig:5    | Entered Level 5 of a ziggurat
 73559 | Zig:5    | Cast into level 2 of the Abyss (merfolk aquamancer)
 73813 | Zig:5    | Escaped the Abyss
 73849 | Zig:6    | Entered Level 6 of a ziggurat
 73929 | Zig:7    | Entered Level 7 of a ziggurat
 73978 | Zig:8    | Entered Level 8 of a ziggurat
 74071 | Zig:8    | Identified the +3 rapier of Aduzuif {pain, rElec Str+4
                  | Int+6}
 74085 | Zig:9    | Entered Level 9 of a ziggurat
 74163 | Zig:9    | Identified the ring "Hial" {rF- rCorr MP+9 SInv Stlth+}
 74170 | Zig:9    | Identified the +1 hand crossbow of Currency {flame, Will++}
 74183 | Zig:10   | Entered Level 10 of a ziggurat
 74189 | Zig:10   | Found the +1 cloak of Starlight {*Dazzle EV+4 Stlth--}
 74266 | Zig:11   | Entered Level 11 of a ziggurat
 74286 | Zig:11   | Found the ring of the Tortoise {AC+8}
 74345 | Zig:11   | Identified the +9 falchion "Ojefuock" {vorpal, rPois Dex+4}
 74349 | Zig:12   | Entered Level 12 of a ziggurat
 74360 | Zig:12   | Noticed a juggernaut
 74360 | Zig:12   | Noticed a juggernaut
 74365 | Zig:12   | Noticed a juggernaut
 74367 | Zig:12   | Killed a juggernaut
 74376 | Zig:12   | Killed a juggernaut
 74381 | Zig:12   | Killed a juggernaut
 74479 | Zig:12   | Identified the +0 arbalest "Ibbaku" {penet, rPois rCorr
                  | Int+4}
 74508 | Zig:13   | Entered Level 13 of a ziggurat
 74514 | Zig:13   | Noticed a royal mummy
 74515 | Zig:13   | Noticed a royal mummy
 74524 | Zig:13   | Noticed a royal mummy
 74527 | Zig:13   | Noticed a royal mummy
 74532 | Zig:13   | Killed a royal mummy
 74533 | Zig:13   | Reached skill level 10 in Evocations
 74533 | Zig:13   | Noticed a royal mummy
 74533 | Zig:13   | Noticed a royal mummy
 74537 | Zig:13   | Killed a royal mummy
 74539 | Zig:13   | Killed a royal mummy
 74540 | Zig:13   | Noticed a royal mummy
 74542 | Zig:13   | Killed a royal mummy
 74548 | Zig:13   | Killed a royal mummy
 74550 | Zig:13   | Killed a royal mummy
 74558 | Zig:13   | Killed a royal mummy
 74559 | Zig:13   | Reached skill level 15 in Invocations
 74564 | Zig:13   | Noticed a royal mummy
 74569 | Zig:13   | Killed a royal mummy
 74666 | Zig:13   | Identified the amulet "Okoih" {Reflect Will++ SH+5}
 74667 | Zig:13   | Identified the ring "Qaduiffo" {rElec rCorr EV+4 Dex-2}
 74668 | Zig:13   | Identified the amulet "Nulykhla" {+Blink rPois rF- Regen+
                  | Dex+2}
 74692 | Zig:14   | Entered Level 14 of a ziggurat
 74802 | Zig:14   | Identified the +8 long sword "Wahoh" {vamp, Dex+2}
 74811 | Zig:15   | Entered Level 15 of a ziggurat
 74830 | Zig:15   | Noticed an ancient lich
 74836 | Zig:15   | Noticed an ancient lich
 74848 | Zig:15   | Killed an ancient lich
 74864 | Zig:15   | Killed an ancient lich
 74910 | Zig:15   | Found the +8 glaive of the Guard {elec, spectral, AC+5}
 74925 | Zig:15   | Identified the amulet of Zefuhyas {Faith +Blink rElec rC+++
                  | SInv}
 74940 | Zig:15   | Identified the +5 lajatang "Lifebane" {venom, Int+4}
 74965 | Zig:16   | Entered Level 16 of a ziggurat
 75118 | Zig:16   | Identified the ring of Keraf {rElec rC+ Will- EV+4 Dex+6}
 75132 | Zig:17   | Entered Level 17 of a ziggurat
 75155 | Zig:17   | Noticed a royal mummy
 75161 | Zig:17   | Noticed a royal mummy
 75168 | Zig:17   | Noticed a royal mummy
 75169 | Zig:17   | Killed a royal mummy
 75179 | Zig:17   | Killed a royal mummy
 75180 | Zig:17   | Killed a royal mummy
 75247 | Zig:17   | Got Sif Muna's Almanac of Evil Secrets
 75257 | Zig:18   | Entered Level 18 of a ziggurat
 75260 | Zig:18   | Noticed a dread lich
 75342 | Zig:18   | Identified the amulet "Ytefeleu" {Faith Str+3 Dex+6}
 75459 | Coc:1    | Entered Level 1 of Cocytus
 75694 | Coc:5    | Paralysed by a wendigo for 1 turns
 75700 | Coc:5    | Paralysed by a wendigo for 1 turns
 75851 | Coc:7    | Entered Level 7 of Cocytus
 76023 | Coc:7    | Noticed Antaeus
 76048 | Coc:7    | Killed Antaeus
 76062 | Coc:7    | Got an icy rune of Zot
 76067 | Coc:7    | Identified the amulet "Ecuhelog" {RegenMP Rampage Fly rC+
                  | Will-}
 76157 | Hell     | Found a gateway to the decaying netherworld of Tartarus.
 76167 | Tar:1    | Entered Level 1 of Tartarus
 76754 | Tar:7    | Entered Level 7 of Tartarus
 77013 | Tar:7    | Noticed Ereshkigal
 77029 | Tar:7    | Killed Ereshkigal
 77089 | Tar:7    | Got a bone rune of Zot
 77300 | Hell     | Found a gateway to the ashen valley of Gehenna.
 77316 | Geh:1    | Entered Level 1 of Gehenna
 77345 | Geh:2    | HP: 9/294 [Brimstone Fiend/damnation (44)]
 77672 | Geh:2    | You fall into a shaft and drop 2 floors!
 77700 | Geh:4    | HP: 11/222 [searing wretch (9)]
 77701 | Geh:4    | HP: 3/222 [salamander tyrant/flame surge (10)]
 77704 | Geh:4    | Slain by a searing wretch

Illustrated notes

Levels and vault maps discovered:
D:1:      minmay_arrival_semitransparent, layout_basic,
          hellmonk_ecumenical_altar_blasted, serial_shops, nicolae_shop_crystal
D:2:      layout_loops_ring, uniq_crazy_yiuf_cottage
D:3:      layout_rooms, okawaru_trees_1, mainiacjoe_overflow_alcove_2,
          serial_shops, shop, uniq_robin
D:4:      minmay_wonky_spiral, layout_basic, mainiacjoe_overflow_brackets,
          serial_shops, shop, uniq_pikel, uniq_blork_the_orc
D:5:      layout_gridville, bloody_trog, minmay_temple_entry_glassed_door,
          gammafunk_ghost_stat_death
D:6:      layout_layer_cave, uniq_maggie, uniq_grinder
D:7:      layout_basic, general_overflow_altar, old_standard_altar
D:8:      layout_cave_pools
D:9:      cheibrodos_statue_roulette, layout_basic,
          mainiacjoe_overflow_tiny_flanked,
          grunt_temple_overflow_forces_of_nature,
          gammafunk_ghost_berserking_beasts
D:10:     layout_loops_ring, mainiacjoe_overflow_six_doors_small,
          minmay_orc_entry_temple_small, grunt_ministairs_13, minivault_13,
          uniq_psyche, uniq_joseph
D:11:     layout_cave_pods, erik_lair_dragon, fountainhead, serial_park_tiny_2,
          nicolae_dithmenos_shadow_blocks
D:12:     layout_roguey, drop_trap
D:13:     minmay_inner_zag, layout_rooms
D:14:     layout_long_grid, serial_bayou_ford_a
D:15:     grunt_enter_depths_giant_problem, layout_irregular_city,
          roderic_lattice_octagonal_star, chequers_hall_statues_corner_a
Temple:   hc_temple_tempest_star
Lair:1:   layout_cave_pods, uniq_gastronok
Lair:2:   layout_big_grid, basic_altar, beast_lair_carwin_10,
          infiniplex_staircase_pool_2
Lair:3:   layout_loops_ring, guppyfry_snake_entry_island, grunt_megastairs_1
Lair:4:   layout_concentric_octagons, minmay_swamp_entry_swarm
Lair:5:   layout_gridlike, gammafunk_ghost_arena, beast_lair_carwin_4,
          grunt_megastairs_4
Lair:6:   due_jungle_book, layout_gridlike, slime_altar_1
Swamp:1:  layout_falls_marsh, portal_ice_cave_entry_pillars_three,
          gammafunk_ghost_cemetery, evilmike_swamp_ruin_rubble_1
Swamp:2:  layout_basic_swamp, evilmike_swamp_ruin_house_1, swamp_pool4,
          lemuel_altar_in_water, infiniplex_staircase_pool
Swamp:3:  layout_basic_swamp, evilmike_swamp_ruin_house_5, uniq_donald
Swamp:4:  byrel_swamp_growth_death_and_undeath, layout_basic_swamp,
          nicolae_swamp_no_escape
Snake:1:  layout_onion, basic_altar
Snake:2:  layout_layer_cave, nicolae_snake_gridmaze_waves,
          nicolae_snake_gridmaze_squiggle, serial_bayou_shore_b,
          lemuel_fruit_tree
Snake:3:  layout_honeycomb, nicolae_snake_snake_lake
Snake:4:  minmay_snake_end_coiled, layout_chambers, st_stairs_2,
          hangedman_snake_thin_pillar_pass, uniq_saint_roka
Slime:1:  layout_caves
Slime:2:  layout_caves, special_room [special_room_jelly]
Slime:3:  layout_caves
Slime:4:  layout_caves
Slime:5
Orc:1:    layout_caves, basic_altar
Orc:2:    grunt_orc_tribal_feast, layout_caves, ebering_ghost_reflecting_pool,
          serial_shops, bzr_entry_road, nicolae_shop_gadgets, uniq_sonja,
          uniq_josephine
Elf:1:    minmay_elf_arrival_plus, layout_geoelf_octagon,
          portal_desolation_entry_twin_temple, orc_legates
Elf:2:    nicolae_elf_blades_splatter_lattice
          [nicolae_blade_entry_sentries_behind_glass], layout_geoelf_diagonals,
          serial_shops, shop
Elf:3:    grunt_elf_hall_asides, layout_loops_corners,
          nicolae_trove_entry_free_sample, serial_shops,
          nicolae_shop_behind_doors
Vaults:1: hangedman_vaults_stream, vaults_room_ringed_pool,
          vaults_room_grunt_arrival_ludios, hangedman_vaults_restitches,
          v_pattern_1, st_cross, nicolae_vaults_shelves_hall, v_misc_22,
          grunt_vaults_focal, layout_vaults_omnicross
Vaults:2: ontoclasm_vaults_ring_square, hangedman_vaults_slice, v_pattern_5,
          v_rooms_3, hangedman_vaults_slice, vaults_room_semicircle,
          serial_ice_b, nicolae_vaults_theta, layout_vaults_chaotic_city,
          serial_shops, nicolae_shop_stone, nicolae_shop_trees, uniq_mara,
          uniq_sojobo
Vaults:3: nicolae_vaults_quadrants, ontoclasm_vaults_ring_large,
          nicolae_vaults_circle_grid_a, v_misc_17, vaults_mumra_minichess,
          hangedman_vaults_unwind, grunt_vaults_twisty, vaults_room_pools,
          v_rooms_5, v_misc_16, hangedman_vaults_stagger,
          dpeg_vaults_monster_row, serial_ice_g, layout_vaults_ring,
          dummy_crypt_entry, serial_shops, bzr_entry_customers,
          nicolae_shop_trees, nicolae_lakefront_shop, shop
Vaults:4: nicolae_vaults_yaktaur_gun_rack, v_misc_5, vaults_dpeg_ring,
          nicolae_vaults_network_quinsquares
          [nicolae_vaults_network_quincunx_subvault,
          nicolae_vaults_network_quincunx_subvault,
          nicolae_vaults_network_quincunx_subvault,
          nicolae_vaults_network_quincunx_subvault], layout_vaults_omnigrid
Vaults:5: uniq_mennas
Crypt:1:  layout_misc_corridors, skrybe_necro_troll_2,
          grunt_crypt_arrival_split, uniq_khufu, uniq_margery
Crypt:2:  hangedman_hall_of_fallen_heroes, layout_gridlike, minivault_27,
          grunt_ministairs_2, uniq_jory
Crypt:3:  church_of_pain_bobbens, layout_chaotic_city,
          tomb_entry_simple_bobbens, gammafunk_ghost_fury_of_okawaru
Tomb:1
Tomb:2
Tomb:3
Depths:1: layout_twisted_cross, enter_ziggurat_e, nicolae_uskayaw_suspiria,
          grunt_mini_vestibule, kennysheep_slug_shrine, minmay_shoptagon
Depths:2: kennysheep_oblong_rooms, layout_cave_shapes, abyss_entry,
          rand_demon_pan_entry_9, nrook_pool_corridor, mu_enter_wizlab_3,
          grunt_hell_entry_dis_mu, wad_floor_pattern_untrapped, minivault_16
Depths:3: kennysheep_four_of_diamonds, layout_small_grid, abyss_entry,
          hell_entry, minmay_misc_feat_five, minmay_misc_feat_tower,
          infiniplex_staircase_trident
Depths:4: grunt_zot_entry_bicorn, layout_gridlike, serial_rivers,
          chequers_serial_rivers_marsh, chequers_serial_rivers_micro_e,
          chequers_serial_rivers_room_b, chequers_serial_rivers_room_a,
          chequers_serial_rivers_micro_c, minivault_14, hell_entry,
          nicolae_qazlal_style_of_elements, minmay_shop_grove
Hell
Geh:1:    layout_gehenna_pools_box
Geh:2:    layout_gehenna_pools_box
Geh:4:    hangedman_generic_boss_arena
Coc:1:    layout_cocytus_water_paths
Coc:2:    layout_cocytus_delve
Coc:3:    layout_cocytus_water_paths
Coc:4:    layout_ice_bergs, nicolae_hells_seeping_fissure
Coc:5:    layout_ice_bergs
Coc:6:    layout_cocytus_water_paths
Coc:7:    coc_old
Tar:1:    layout_grid_maze
Tar:2:    layout_catacombs
Tar:3:    layout_grid_maze, nicolae_tar_cuneiform_heaven
Tar:4:    layout_cathedral_of_symmetry
Tar:5:    layout_grid_maze, nicolae_tar_cuneiform_heaven,
          nicolae_tar_honey_chapel
Tar:6:    layout_honeycomb, nicolae_tar_cuneiform_three,
          grunt_tartarus_stairs_gauntlet_trap
Tar:7:    tar_mu [tar_mu_maze]
Zot:1:    layout_onion, grunt_megastairs_5
Zot:2:    layout_twisted_circle
Zot:3:    evilmike_crystal_ball_defense, layout_twisted_circle,
          kennysheep_underground_church
Zot:4:    layout_gridville, grunt_megastairs_2
Zot:5:    layout_gridlike

Skill      XL: |  1  2  3  4  5  6  7  8  9 10 11 12 13 14 15 16 17 18 19 20 21 22 23 24 25 26 27 |
---------------+----------------------------------------------------------------------------------+-----
Throwing       | 1 2 3 4 5 6 7 9 10 11 12 16 | 16.0
Fighting       | 2 3 4 5 7 8 9 10 11 12 13 14 15 16 17 18 24 | 24.4
Unarmed Combat | 3 4 5 7 8 10 11 12 13 16 18 19 20 22 23 25 26 27 | 27.0
Spellcasting   | 2 3 4 5 7 8 14 | 14.4
Translocations | 3 4 5 6 7 8 |  8.0
Evocations     | 2 3 4 5 6 14 | 14.3
Armour         | 2 4 5 |  5.0
Shields        | 1 5 8 10 12 15 | 15.0
Dodging        | 4 5 7 9 11 12 | 12.8
Invocations    | 5 9 11 12 18 | 18.3
Earth Magic    | 1 5 7 9 11 13 14 15 16 | 16.9
Transmutations | 1 4 6 7 9 11 12 16 | 16.0
Necromancy     | 21 | 21.0
Stealth        | |  0.2

Action                   |  1- 3 |  4- 6 |  7- 9 | 10-12 | 13-15 | 16-18 | 19-21 | 22-24 | 25-27 || total
-------------------------+-------+-------+-------+-------+-------+-------+-------+-------+-------++-------
Melee: Unarmed           |    75 |   143 |   287 |   747 |  1215 |  1072 |  1293 |   942 |  4737 || 10511
       Punch             |     1 |     2 |     9 |    46 |    15 |       |       |       |       ||    73
       Kick              |       |       |       |       |       |       |       |   369 |   297 ||   666
       Headbutt          |       |       |       |       |       |       |       |       |    95 ||    95
Throw: Boomerang         |       |       |       |    43 |   120 |   115 |    11 |       |       ||   289
       Javelin           |       |       |       |     6 |       |    29 |    32 |     3 |   100 ||   170
       Dart              |       |       |       |     1 |     1 |     3 |     2 |       |     1 ||     8
       Large rock        |       |       |       |       |    59 |     7 |    58 |    19 |    99 ||   242
 Cast: Blink             |       |       |       |     7 |    22 |     5 |    19 |     4 |    33 ||    90
       Statue Form       |       |       |       |       |       |       |     2 |    39 |    93 ||   134
       Apportation       |       |       |       |       |       |       |       |       |   225 ||   225
       Necromutation     |       |       |       |       |       |       |       |       |   116 ||   116
       Passage of Golubr |       |       |       |       |       |       |       |       |    15 ||    15
       Passwall          |       |       |       |       |       |       |       |       |    12 ||    12
Invok: Slouch            |       |       |       |       |       |     1 |     2 |     5 |    48 ||    56
       Temporal Distorti |       |       |       |       |       |       |     2 |       |     1 ||     3
       Bend Time         |       |       |       |       |       |       |     1 |       |       ||     1
       Step From Time    |       |       |       |       |       |       |     2 |       |     6 ||     8
 Abil: End Transformatio |       |       |       |       |       |       |       |       |     5 ||     5
Evoke: Wand              |       |       |     2 |    12 |    14 |    11 |     3 |       |    11 ||    53
       Condenser vane    |       |       |       |       |     2 |     2 |     3 |     4 |    11 ||    22
       Box of beasts     |       |       |       |       |     2 |     4 |     1 |       |       ||     7
       Phantom mirror    |       |       |       |       |       |       |       |     1 |       ||     1
       Tin of tremorston |       |       |       |       |       |       |       |       |    18 ||    18
       Figurine of a zig |       |       |       |       |       |       |       |       |     1 ||     1
  Use: Scroll            |     2 |     1 |     6 |    17 |    11 |     5 |     8 |     8 |    37 ||    95
       Potion            |       |       |       |     2 |     2 |     4 |     9 |     7 |    33 ||    57
 Stab: Paralysed         |       |       |       |     5 |     2 |       |       |       |     1 ||     8
       Sleeping          |       |       |       |     1 |     2 |     7 |     6 |     4 |     6 ||    26
       Distracted        |       |       |       |       |       |     2 |     3 |     7 |    28 ||    40
       Confused          |       |       |       |       |       |       |    10 |     2 |    14 ||    26
       Invisible         |       |       |       |       |       |       |       |       |     7 ||     7
       Petrified         |       |       |       |       |       |       |       |       |     3 ||     3
       Petrifying        |       |       |       |       |       |       |       |       |     2 ||     2
Armor: Robe              |    36 |    85 |    86 |       |       |       |       |       |       ||   207
       Troll leather arm |       |       |    30 |   263 |   481 |   262 |   308 |    91 |   704 ||  2139
       Skin              |       |       |       |       |       |       |     2 |   387 |   568 ||   957
Dodge: Dodged            |    46 |    87 |   104 |   383 |   413 |   297 |   332 |   515 |  3850 ||  6027
Block: Kite shield       |       |       |       |       |   469 |   331 |       |   475 |  5398 ||  6673
       Tower shield      |       |       |       |       |       |   529 |  1065 |   688 |       ||  2282

Table legend: (Time is in decaauts)
 A = Elapsed time spent in this place.
 B = Non-inter-level travel time spent in this place.
 C = Inter-level travel time spent in this place.
 D = Time resting spent in this place.
 E = Time spent auto-exploring this place.
 F = Levels seen in this place.
 G = Mean time per level.
                   A        B        C        D        E       F      G
               +--------+--------+--------+--------+--------+-----+--------+
         Total | 115400 |  98503 |  16897 |    402 |  67972 | 146 |  790.4 |
       Dungeon |  19462 |  14000 |   5462 |      0 |  11247 |  15 | 1297.5 |
        Temple |    135 |     77 |     58 |      0 |     69 |   1 |  135.0 |
          Lair |   7232 |   5990 |   1242 |      0 |   4185 |   6 | 1205.3 |
         Swamp |   4799 |   4570 |    229 |      0 |   3592 |   4 | 1199.8 |
     Snake Pit |   8844 |   8444 |    400 |      0 |   6878 |   4 | 2211.0 |
    Slime Pits |    566 |    450 |    116 |      2 |      0 |   5 |  113.2 |
  Orcish Mines |   2087 |   1426 |    661 |      0 |    942 |   2 | 1043.5 |
   Elven Halls |   4859 |   4102 |    757 |      0 |   3004 |   3 | 1619.7 |
        Vaults |  12533 |  10505 |   2028 |      0 |   8405 |   5 | 2506.6 |
         Crypt |   6107 |   5145 |    962 |      0 |   3999 |   3 | 2035.7 |
          Tomb |   6904 |   5310 |   1594 |    117 |   3627 |   3 | 2301.3 |
        Depths |  10084 |   7753 |   2331 |     54 |   6127 |   4 | 2521.0 |
          Hell |    857 |    810 |     47 |      0 |    303 |   1 |  857.0 |
       Gehenna |    384 |    384 |      0 |      0 |    264 |   3 |  128.0 |
       Cocytus |    795 |    795 |      0 |     43 |      0 |   7 |  113.6 |
      Tartarus |   1683 |   1552 |    131 |     62 |    547 |   7 |  240.4 |
           Zot |   8849 |   7976 |    873 |     40 |   5968 |   5 | 1769.8 |
         Abyss |   5848 |   5848 |      0 |      0 |   3090 |  15 |  389.9 |
   Pandemonium |   6764 |   6764 |      0 |      0 |   3391 |  16 |  422.8 |
      Ziggurat |   3557 |   3557 |      0 |     43 |    778 |  31 |  114.7 |
        Bazaar |    160 |    160 |      0 |      0 |    139 |   2 |   80.0 |
         Trove |     85 |     85 |      0 |      0 |      3 |   1 |   85.0 |
      Ice Cave |    182 |    182 |      0 |      0 |     53 |   1 |  182.0 |
        Wizlab |   1192 |   1192 |      0 |      0 |    694 |   1 | 1192.0 |
    Desolation |   1423 |   1423 |      0 |     41 |    661 |   1 | 1423.0 |
               +--------+--------+--------+--------+--------+-----+--------+

Top non-repeatable levels by time:
  Tomb:1: 4384 daAuts
Depths:2: 3021 daAuts
Vaults:3: 2953 daAuts
 Snake:4: 2647 daAuts
Vaults:2: 2592 daAuts
 Snake:2: 2560 daAuts
Vaults:1: 2545 daAuts
Depths:4: 2508 daAuts
   Elf:3: 2437 daAuts
   Zot:5: 2433 daAuts
Depths:3: 2387 daAuts
    D:11: 2333 daAuts
    D:14: 2298 daAuts
 Snake:3: 2273 daAuts
Vaults:5: 2257 daAuts
